 Dungeon Crawl Stone Soup version 0.30-a0-605-gb2882149bf (webtiles) character file.

Game seed: 5256672537135283869

1065566 holysushi the Maledictor (level 27, -4/246 HPs)
             Began as a Demonspawn Fire Elementalist on Jan 5, 2023.
             Was an Initiate of Gozag.
             Killed from afar by a Brimstone Fiend (47 damage)
             ... with damnation
             ... in Pandemonium on Jan 7, 2023.
             The game lasted 06:59:06 (105489 turns).

holysushi the Maledictor (DsFE)                   Turns: 105489, Time: 06:59:07

Health: -4/246     AC: 26    Str:  5    XL:     27
Magic:  51/51      EV: 46    Int: 30    God:    Gozag
Gold:   6601       SH: 24    Dex: 38    Spells: 6/56 levels left

rFire   + + +      SeeInvis .    a - +9 double sword (spect)
rCold   + + .      Faith    .    Z - +2 shield of Resistance {rF++ rC++ Will++}
rNeg    + . .      Spirit   .    P - +4 Cigotuvi's embrace {rMiasma Drain rN+}
rPois   .          Reflect  .    f - +1 helmet of Dode {Will+ Dex+7}
rElec   +          Harm     .    (cloak unavailable)
rCorr   +          Rampage  +    l - +0 pair of gloves of Intuition {Rampage +Inv rCorr Str-5}
Will    +++++                    W - +2 pair of boots "Osonup" {rElec Dex+4 Stlth+}
Stlth   ++++++++++               O - amulet of Vitality {RegenMP++ Regen++}
HPRegen 2.21/turn                N - ring of Momicsen {Will+ MP+9 Int+4 Dex+6}
MPRegen 1.12/turn                S - ring of Faeff {rF+ EV+5 Dex+4}

@: death channelling, gold aura, unable to drink
A: rugged brown scales 3, icemail 2, black mark, condensation shield, demonic
magic 3, bedeviling, aura of silence, weakness stinger 3, fangs 1, mutation
resistance 2, subdued magic 1, inability to drink after injury 1
}: 12/15 runes: decaying, slimy, silver, iron, icy, abyssal, demonic, glowing,
magical, fiery, dark, gossamer
a: Renounce Religion, Evoke Invisibility, Potion Petition, Call Merchant, Bribe
Branch


You were in Pandemonium.
You worshipped Gozag.
Gozag was greatly pleased with you.
You visited 16 branches of the dungeon, and saw 74 of its levels.
You visited Pandemonium 5 times, and saw 50 of its levels.
You visited the Abyss 5 times.
You also visited: Ossuary, Ice Cave and Wizlab.

You collected 50011 gold pieces.
You spent 10115 gold pieces at shops.
You paid 33295 gold pieces to Gozag.

Inventory:

Hand Weapons
 a - a +9 spectral double sword (weapon)
 b - the +4 staff of Dispater
   (You took it off Dispater on level 7 of the Iron City of Dis)

   It can be evoked to hurl damnation at the cost of health and magic, with
   strength depending on Evocations skill.
 c - the +11 Singing Sword {sonic wave}
   (You found it on level 5 of the Pits of Slime)

   It radiates damaging sonic waves as it strikes, especially in combat
   involving dangerous or numerous foes.
 d - a +2 double sword of electrocution
 n - a +2 heavy double sword
Missiles
 k - a throwing net
Armour
 f - the +1 helmet of Dode (worn) {Will+ Dex+7}
   (You found it on level 5 of the Pits of Slime)

   Dex:       It affects your dexterity (+7).
   Will:      It increases your willpower.
 l - the +0 pair of gloves of Intuition (worn) {Rampage +Inv rCorr Str-5}
   (You found it on level 3 of the Elven Halls)

   Str:       It affects your strength (-5).
   +Inv:      It lets you turn invisible.
   rCorr:     It protects you from acid and corrosion.
   Rampage:   It bestows one free step when moving towards enemies.
 P - the +4 Cigotuvi's embrace (worn) {rMiasma Drain rN+}
   (You found it on level 5 of the Vaults)

   It gathers nearby corpses to temporarily increase the armour it provides.
   It protects you from foul pestilence.
   rN:        It protects you from negative energy.
   Drain:     It drains your maximum health when unequipped.
 W - the +2 pair of boots "Osonup" (worn) {rElec Dex+4 Stlth+}
   (You bought it in a shop on level 3 of the Crypt)

   Dex:       It affects your dexterity (+4).
   rElec:     It insulates you from electricity.
   Stlth:     It makes you more stealthy.
 Z - the +2 shield of Resistance (worn) {rF++ rC++ Will++}
   (You bought it in a shop on level 3 of the Depths)

   rF:        It greatly protects you from fire.
   rC:        It greatly protects you from cold.
   Will:      It greatly increases your willpower.
Jewellery
 H - the ring "Gaoveze" {Str+6 Int+6}
   (You acquired it on level 1 of the Elven Halls)

   [ring of strength]

   Str:       It affects your strength (+6).
   Int:       It affects your intelligence (+6).
 N - the ring of Momicsen (left hand) {Will+ MP+9 Int+4 Dex+6}
   (You bought it in a shop on level 1 of the Elven Halls)

   [ring of dexterity]

   Int:       It affects your intelligence (+4).
   Dex:       It affects your dexterity (+6).
   MP:        It affects your magic capacity (+9).
   Will:      It increases your willpower.
 O - the amulet of Vitality (around neck) {RegenMP++ Regen++}
   (You bought it in a shop on level 4 of the Depths)

   [amulet of magic regeneration]

   It increases your rate of magic regeneration.
   Regen:     It increases your rate of health regeneration.
 S - the ring of Faeff (right hand) {rF+ EV+5 Dex+4}
   (You found it in Pandemonium)

   [ring of evasion]

   EV:        It affects your evasion (+5).
   Dex:       It affects your dexterity (+4).
   rF:        It protects you from fire.
 Y - the ring "Kepewy" {rElec rF+ Dex+6}
   (You found it in Pandemonium)

   [ring of dexterity]

   Dex:       It affects your dexterity (+6).
   rF:        It protects you from fire.
   rElec:     It insulates you from electricity.
Wands
 q - a wand of digging (8)
 s - a wand of roots (43)
 X - a wand of acid (12)
Scrolls
 h - 4 scrolls of silence
 i - 11 scrolls of teleportation
 v - 6 scrolls of amnesia
 y - 11 scrolls of vulnerability
 B - 15 scrolls of poison
 D - 15 scrolls of magic mapping
 F - 7 scrolls of fear
 I - a scroll of blinking
 J - 6 scrolls of torment
 M - a scroll of enchant weapon
 Q - 4 scrolls of immolation
 R - 10 scrolls of fog
 U - 3 scrolls of butterflies
 V - 5 scrolls of enchant armour
Potions
 e - 2 potions of cancellation
 g - 21 potions of lignification
 j - 3 potions of resistance
 m - 9 potions of attraction
 o - 5 potions of berserk rage
 r - 8 potions of brilliance
 t - 8 potions of ambrosia
 u - 18 potions of might
 w - 15 potions of heal wounds
 x - 3 potions of haste
 z - 11 potions of magic
 A - 15 potions of flight
 C - 6 potions of invisibility
 E - 21 potions of curing
 T - 2 potions of mutation
Miscellaneous
 p - a phantom mirror
 G - a box of beasts
 K - a condenser vane
 L - a lightning rod (4/4)


   Skills:
 + Level 21.7 Fighting
 - Level 10.4(14.8) Short Blades
 + Level 16.8(17.9) Long Blades
 - Level 8.7 Armour
 - Level 23.0 Dodging
 + Level 20.5 Stealth
 - Level 13.4 Shields
 + Level 15.0 Spellcasting
 - Level 1.0 Conjurations
 - Level 24.1 Hexes
 - Level 10.0 Necromancy
 - Level 1.0 Translocations
 - Level 5.4 Transmutations
 - Level 20.0 Fire Magic
 - Level 15.2 Evocations


You had 6 spell levels left.
You knew the following spells:

 Your Spells              Type           Power      Damage    Failure   Level
a - Ignition              Fire           41%        3d12      9%          8
b - Scorch                Fire           100%       2d10      0%          2
c - Dispel Undead         Necr           59%        3d21      1%          4
d - Starburst             Conj/Fire      30%        6d9       10%         6
f - Blink                 Tloc           42%        N/A       4%          2
g - Dazzling Flash        Conj/Hex       100%       N/A       1%          3
h - Yara's Violent Unrav  Hex/Tmut       45%        3d18      1%          5
i - Fireball              Conj/Fire      30%        3d13      1%          5
j - Discord               Hex            56%        N/A       1%          8
k - Apportation           Tloc           42%        N/A       3%          1
l - Death Channel         Necr           29%        N/A       13%         6

Your spell library contained the following spells:

 Spells                   Type           Power      Damage    Failure   Level
 Slow                     Hex            100%       N/A       0%          1
 Confusing Touch          Hex            100%       N/A       0%          3
 Inner Flame              Hex/Fire       100%       N/A       0%          3
 Tukima's Dance           Hex            100%       N/A       0%          3
 Cause Fear               Hex            56%        N/A       0%          4
 Foxfire                  Conj/Fire      100%       2x1d9     1%          1
 Necrotise                Necr           100%       1d9       1%          1
 Sting                    Tmut/Pois      100%       1d8       1%          1
 Cigotuvi's Dreadful Rot  Necr/Pois/Air  64%        N/A       1%          2
 Ensorcelled Hibernation  Hex/Ice        100%       N/A       1%          2
 Sublimation of Blood     Necr           59%        N/A       1%          2
 Wereblood                Tmut           42%        N/A       1%          2
 Ignite Poison            Fire/Tmut/Pois 54%        N/A       1%          3
 Kindle Blastsparks       Fire/Tloc/Air  98%        2d18      1%          3
 Portal Projectile        Hex/Tloc       100%       N/A       1%          3
 Summon Guardian Golem    Hex/Summ       83%        N/A       1%          3
 Vampiric Draining        Necr           59%        2d10      1%          3
 Anguish                  Hex/Necr       48%        N/A       1%          4
 Flame Wave               Conj/Fire      60%        2d14      1%          4
 Fulminant Prism          Conj/Hex       42%        3d19      1%          4
 Leda's Liquefaction      Hex/Erth       41%        N/A       1%          4
 Sticky Flame             Conj/Fire      60%        2d8       1%          4
 Agony                    Necr           59%        N/A       1%          5
 Metabolic Englaciation   Hex/Ice        41%        N/A       1%          5
 Silence                  Hex/Air        41%        N/A       1%          5
 Summon Mana Viper        Hex/Summ       83%        N/A       1%          5
 Passwall                 Tmut/Erth      24%        N/A       2%          2
 Magic Dart               Conj           84%        1d7       3%          1
 Shock                    Conj/Air       76%        1d7       3%          1
 Freeze                   Ice            68%        1d8       4%          1
 Sandblast                Erth           34%        2d9       4%          1
 Summon Small Mammal      Summ           68%        N/A       4%          1
 Momentum Strike          Conj/Tloc      42%        3d9       4%          2
 Spider Form              Tmut/Pois      29%        N/A       4%          3
 Static Discharge         Conj/Air       38%        2-4/arc   6%          2
 Call Imp                 Summ           17%        N/A       7%          2
 Poisonous Vapours        Pois/Air       34%        N/A       7%          2
 Gell's Gravitas          Tloc           21%        N/A       10%         3
 Lesser Beckoning         Tloc           42%        N/A       10%         3
 Teleport Other           Tloc           21%        N/A       10%         3
 Hailstorm                Conj/Ice       19%        3d6       12%         3
 Stone Arrow              Conj/Erth      38%        3d9       12%         3
 Vhi's Electric Charge    Tloc/Air       38%        N/A       12%         3
 Mephitic Cloud           Conj/Pois/Air  18%        N/A       13%         3
 Call Canine Familiar     Summ           17%        N/A       16%         3
 Frozen Ramparts          Ice            34%        1d6       16%         3
 Ozocubu's Armour         Ice            17%        N/A       16%         3
 Swiftness                Air            17%        N/A       16%         3
 Blade Hands              Tmut           21%        N/A       16%         5
 Petrify                  Tmut/Erth      29%        N/A       17%         4
 Borgnjor's Vile Clutch   Necr/Erth      20%        N/A       19%         5
 Iskenderun's Mystic Bla  Conj/Tloc      21%        2d6       32%         4
 Manifold Assault         Tloc           21%        N/A       32%         4
 Passage of Golubria      Tloc           21%        N/A       32%         4
 Airstrike                Air            8%         2d(2-18)  47%         4
 Animate Armour           Summ/Erth      34%        N/A       47%         4
 Olgreb's Toxic Radiance  Pois           17%        N/A       47%         4
 Summon Ice Beast         Ice/Summ       17%        N/A       47%         4
 Iskenderun's Battlesphe  Conj           21%        2d7       69%         5
 Arcjolt                  Conj/Air       9%         1d19      77%         5
 Lightning Bolt           Conj/Air       9%         1d22      77%         5
 Summon Forest            Summ/Tloc      9%         N/A       77%         5
 Freezing Cloud           Conj/Ice/Air   9%         6-21      78%         5
 Statue Form              Tmut/Erth      19%        N/A       96%         6
 Dispersal                Tloc           10%        N/A       99%         6
 Conjure Ball Lightning   Conj/Air       9%         3x3d6     100%        6
 Iron Shot                Conj/Erth      9%         9d3       100%        6
 Summon Cactus Giant      Summ           8%         N/A       100%        6
 Enfeeble                 Hex            56%        N/A       1%          7
 Dragon Form              Tmut           21%        N/A       99%         7
 Borgnjor's Revivificati  Necr           29%        N/A       99%         8
 Infestation              Necr           29%        N/A       99%         8
 Monstrous Menagerie      Summ           8%         N/A       100%        7
 Orb of Destruction       Conj           10%        9d6       100%        7
 Ozocubu's Refrigeration  Ice            8%         4d9       100%        7
 Spellforged Servitor     Conj/Summ      9%         N/A       100%        7
 Storm Form               Tmut/Air       14%        N/A       100%        7
 Summon Hydra             Summ           8%         N/A       100%        7
 Disjunction              Tloc           10%        N/A       100%        8
 Lehudib's Crystal Spear  Conj/Erth      9%         10d4      100%        8
 Necromutation            Tmut/Necr      26%        N/A       100%        8
 Chain Lightning          Conj/Air       9%         3d12      100%        9
 Death's Door             Necr           29%        N/A       100%        9
 Dragon's Call            Summ           8%         N/A       100%        9
 Polar Vortex             Ice            8%         N/A       100%        9
 Simulacrum               Ice/Necr       Unusable   N/A       N/A         6

Dungeon Overview and Level Annotations

Branches:
Dungeon (15/15) Zot: 24643  Temple (1/1) D:7 Zot: 5779    Lair (5/5) D:10 Zot: 22027
  Swamp (4/4) Lair:3 Zot: 17620  Spider (4/4) Lair:2 Zot: 17004   Slime (5/5) Lair:5 Zot: 24998
    Orc (2/2) D:9 Zot: 8699     Elf (3/3) Orc:2 Zot: 11301  Vaults (5/5) D:14 Zot: 17430
  Crypt (3/3) Vaults:3 Zot: 13339    Tomb (0/3) Crypt:3      Depths (4/4) D:15 Zot: 16412
   Hell (visited)             Dis (7/7) Hell Zot: 26974     Geh (7/7) Hell Zot: 26974
    Coc (7/7) Hell Zot: 26974     Tar (1/7) Hell Zot: 26974     Zot (0/5) Depths:4
Ossuary (visited)           IceCv (visited)          WizLab (visited)

Altars:
Ashenzari
Cheibriados
Dithmenos
Fedhas
Gozag
Hepliaklqana
Kikubaaqudgha
Makhleb
Nemelex Xobeh
Okawaru
Qazlal
Ru
Sif Muna
Trog
Uskayaw
Vehumet
Wu Jian
Xom
Yredelemnul
Jiyva

Shops:
D:11 (   Orc:2 :*=[[**(   Elf:1 (=[[   Elf:3 [([   Vaults:1 (   Vaults:2 [
Vaults:3 !:   Crypt:3 [[[   Depths:3 [[   Depths:4 =

Portals:
Hell: Depths:1 Depths:2 Depths:3 Depths:4
Abyss: D:11 Depths:3
Pandemonium: Orc:2 Depths:2 Depths:3
Ziggurat: Depths:2
Trove: Depths:3 (give +2 shadow dragon scales)

Annotations:
D:6 2 transporters, Menkaure
Orc:2 3 exclusions
Elf:2 exclusion: 5 doors
Depths:1 4 transporters


Innate Abilities, Weirdness & Mutations

You are completely covered in rugged brown scales. (AC +3, +7% HP)
A meltable icy envelope protects you from harm. (AC +8)
Your melee attacks may debilitate your foes.
A meltable shield of frost defends you. (SH +4)
Spells you cast and wands you use may paralyse nearby enemies.
Your hexes are more powerful.
You are surrounded by an aura of silence.
You have a sharp stinger which inflicts weakening toxins.
You have very sharp teeth.
You are somewhat resistant to both further mutation and mutation removal.
Your spells are a little easier to cast, but a little less powerful.
You occasionally lose the ability to drink potions when taking damage.


Message History

You swap places.
Your spectral shadow demon hits the Hell Sentinel but does no damage.
The Hell Sentinel hits your spectral shadow demon!!
The Hell Sentinel hits your spectral shadow demon!
You completely miss the Hell Sentinel.
The Hell Sentinel is severely wounded.
Your +9 spectral double sword hits the Hell Sentinel but does no damage.
Your spectral shadow demon hits the Hell Sentinel but does no damage.
The Hell Sentinel hits your spectral shadow demon! x2
Your spectral shadow demon is destroyed!
You strike the helpless Hell Sentinel from behind!
You hit the Hell Sentinel but do no damage.
You tail-slap the Hell Sentinel, but do no damage.
Your bite misses the Hell Sentinel.
The Hell Sentinel is severely wounded.
Your +9 spectral double sword hits the Hell Sentinel!
The Brimstone Fiend calls on the powers of darkness!
Your body is wracked with pain!
You feel threatened and lose the ability to drink potions!
* * * LOW HITPOINT WARNING * * *
The Hell Sentinel misses you. You block the Hell Sentinel's attack.
You barely miss the Hell Sentinel.
You tail-slap the Hell Sentinel, but do no damage.
You bite the Hell Sentinel, but do no damage.
The Hell Sentinel is severely wounded.
Your +9 spectral double sword hits the Hell Sentinel.
The Hell Sentinel hits your +9 spectral double sword!!!
Your spectral weapon shares its damage with you!
Your +9 spectral double sword fades away.
* * * LOW HITPOINT WARNING * * *
You slash the Hell Sentinel!
The Hell Sentinel is almost dead.
Your +9 spectral double sword hits the Hell Sentinel.
The Brimstone Fiend gestures at you.
The sphere of damnation explodes!
The damnation engulfs your +9 spectral double sword!!
Your spectral weapon shares its damage with you!
The damnation engulfs you!!!
You die...
Your body crumbles into a pile of gold.

...........## #.......#
#######..#..###########
#..#......#######...
#..#.$...$.$.$......
#....).......#......
#.##......##.# .....
#.##......##.# ....
#.##......##.# ...
#.#...$§.@(1.# ##
#.#.......1.......
#.#.#.............
#.#.#...........
#.#.............
#.#...........
...............
..∩##..........


You could see a Hell Sentinel (unsilenced), a Brimstone Fiend (ally target) and
a friendly +9 spectral double sword (summoned).

Vanquished Creatures
  Cerebov (Pan)
  Antaeus (Coc:7)
  the Royal Jelly (Slime:5)
  Asmodeus (Geh:7)
  Gloorx Vloq (Pan)
  Mnoleg (Pan)
  Dispater (Dis:7)
  Lom Lobon (Pan)
  A dread lich (Geh:7)
  14 pandemonium lords (Pan)
  Mara (Depths:1)
  An ancient lich (Geh:7)
  A juggernaut (Depths:2)
  Boris (Crypt:2)
  The ghost of Roplacol the Impregnable, a master GrFi of Ashenzari (Depths:4)
  18 shard shrikes
  Xtahua (Crypt:3)
  Frederick (Vaults:2)
  3 golden dragons
  8 caustic shrikes
  A bone dragon (Crypt:3)
  A profane servitor (Crypt:2)
  3 Tzitzimimeh (Pan)
  16 Brimstone Fiends
  2 iron giants (Dis:7)
  9 hellephants
  23 Ice Fiends
  20 Hell Sentinels
  4 liches
  3 tentacled monstrosities
  3 deep elf blademasters
  18 searing wretches
  21 titans
  A walking divine tome (Depths:2)
  23 acid blobs
  A quicksilver dragon (Depths:2)
  23 ancient champions
  29 Executioners (Pan)
  A tentacled starspawn (Abyss:3)
  4 sphinxes
  4 tengu reavers
  5 shadow dragons
  2 thorn hunters (Swamp:4)
  Donald (Vaults:3)
  5 storm dragons
  10 demonspawn warmongers (Pan)
  2 revenants (Crypt:2)
  18 narguns
  10 azure jellies
  5 fire giants
  6 emperor scorpions
  8 rockslimes
  6 quicksilver elementals
  4 frost giants
  A draconian scorcher (Depths:4)
  Louise (Swamp:1)
  44 balrugs
  10 vault wardens
  5 ghouls
  An orc warlord (Vaults:1)
  8 iron dragons
  5 deep elf elementalists (Elf:3)
  8 ghost moths
  18 cacodemons (Pan)
  An angel (Pan)
  11 reapers
  11 deep elf sorcerers
  4 shard shrike simulacra (Coc:7)
  A curse skull (Pan)
  10 demonspawn corrupters (Pan)
  A juggernaut skeleton (Crypt:2)
  A draconian annihilator (Pan)
  11 quicksilver oozes
  12 ironbound preservers
  6 very ugly things
  2 caustic shrike skeletons (Crypt:3)
  32 war gargoyles
  9 demonspawn blood saints (Pan)
  6 stone giants
  7 ironbound thunderhulks
  3 purple draconians (Depths:4)
  4 broodmothers
  6 eleionomae
  12 lorocyprocas (Pan)
  Nessos (Lair:5)
  11 vampire knights
  11 demonspawn black suns (Pan)
  6 deep elf demonologists (Elf:3)
  A spark wasp (shapeshifter) (Vaults:4)
  8 deep elf annihilators
  19 elemental wellsprings
  10 dire elephants
  3 eidola (Crypt:2)
  23 blizzard demons
  3 spark wasps
  3 bunyips
  13 green deaths
  11 wendigos
  4 deep elf death magi
  5 ettins
  8 iron golems
  A mummy priest (Pan)
  6 jiangshi
  Josephine (Lair:4)
  5 entropy weavers
  3 ice dragons
  11 deep elf high priests (Elf:3)
  8 great orbs of eyes
  A quicksilver dragon zombie (Crypt:1)
  21 hydras
  5 fire dragons
  2 hell beasts (Pan)
  An ogre mage (Vaults:2)
  2 shambling mangroves
  9 yaktaur captains
  The ghost of tkbsonic5 the Conjurer, a journeyman DgCj (D:11)
  A jorogumo (Spider:4)
  A salamander tyrant (Geh:1)
  20 vault guards
  4 rakshasas
  A spriggan air mage (Depths:2)
  7 ironbound frosthearts
  A catoblepas (Lair:5)
  3 caustic shrike simulacra
  3 juggernaut simulacra
  A radroach (Spider:2)
  5 centaur warriors
  3 demonspawn (Orc:2)
  6 two-headed ogres
  8 spriggan skeletons
  11 stokers
  3 ghost crabs
  8 death scarabs (Spider:4)
  A fenstrider witch skeleton (Crypt:3)
  16 dancing weapons
  A two-headed ogre (shapeshifter) (Vaults:5)
  3 boulder beetles
  12 hell hogs
  8 death yaks
  A deep troll shaman (Lair:5)
  A tengu warrior (D:15)
  7 orc high priests (Orc:2)
  8 vampire magi
  56 soul eaters
  7 alligators
  3 shock serpents (Pan)
  A deep troll earth mage (Depths:4)
  2 spriggan berserkers
  3 thrashing horrors
  Sonja (Lair:3)
  2 hell knights
  6 crystal echidnas
  2 pharaoh ants (Spider:4)
  18 deep elf knights
  6 iron trolls
  7 skeletal warriors
  46 sun demons
  Amaemon (D:8)
  7 shadow wraiths
  Lodul (D:12)
  A death drake (Swamp:4)
  21 sixfirhies
  2 sun moths (Spider:4)
  5 goliath frogs
  4 glowing orange brains
  13 orb spiders
  17 shadow demons
  9 swamp dragons
  A storm dragon skeleton (Crypt:2)
  18 deep trolls
  5 flayed ghosts
  5 spriggan druids
  9 wizards
  A bunyip skeleton (Crypt:3)
  A swamp dragon (shapeshifter) (Elf:3)
  11 ironbound convokers
  6 harpies (Vaults:4)
  18 deep elf archers
  9 lindwurms
  Pikel (D:4)
  8 bog bodies
  32 deep elf pyromancers
  10 phantasmal warriors
  A lindwurm (shapeshifter) (Elf:1)
  32 deep elf zephyrmancers
  17 ugly things
  3 anaconda skeletons
  7 orc knights
  An oklob plant (Lair:5)
  3 spectral wolf spiders (Spider:4)
  5 steelbarb worms
  8 shining eyes
  A necromancer (D:15)
  12 wolf spiders
  2 cyclopes (D:14)
  2 shadow dragon skeletons
  3 will-o-the-wisps
  A fire giant zombie (Crypt:2)
  2 moths of wrath
  4 orc sorcerers (Orc:2)
  4 worldbinders
  33 large abominations
  A toenail golem (D:11)
  A shock serpent zombie (Crypt:2)
  2 apocalypse crabs (Abyss:3)
  3 rust devils
  Maurice (D:8)
  An eye of devastation (Slime:5)
  3 elephants (Lair:5)
  A dire elephant zombie (Crypt:1)
  7 ice statues
  3 titan simulacra
  3 torpor snails
  3 black mambas
  An unseen horror (shapeshifter) (Vaults:4)
  17 demonic crawlers
  36 smoke demons
  A gargoyle (D:13)
  6 vault sentinels
  21 orange demons
  4 naga skeletons
  9 cane toads
  A steelbarb worm zombie (Crypt:3)
  2 centaur skeletons
  16 hellions
  3 elf skeletons
  An alligator snapping turtle skeleton (Crypt:3)
  7 rime drakes
  11 komodo dragons
  3 spectral redbacks (Spider:4)
  3 tengu conjurers (D:15)
  5 anaconda simulacra
  10 efreet (Pan)
  17 yaktaurs
  A bunyip simulacrum (Crypt:3)
  22 tormentors
  2 iron giant simulacra
  8 freezing wraiths
  5 trolls
  7 ice devils
  A grey draconian skeleton (Crypt:3)
  A sea snake skeleton (Hell)
  3 guardian mummies
  A queen bee (Abyss:3)
  6 red devils (Pan)
  A merfolk (shapeshifter) (Vaults:4)
  11 hellwings
  A harpy zombie (Crypt:3)
  A hydra zombie (Hell)
  A meliai (Abyss:3)
  2 polar bears
  4 harpy skeletons
  4 tyrant leeches
  32 tarantellas
  2 spectral culicivoras (Spider:4)
  4 raiju (Abyss:3)
  A great orb of eyes zombie (Crypt:3)
  5 spectral tarantellas (Spider:4)
  A death drake skeleton (Crypt:3)
  13 hornets
  A spectral jumping spider (Spider:4)
  Prince Ribbit (D:6)
  13 blink frogs
  2 iron dragon simulacra
  2 jumping spider zombies (Spider:4)
  5 dream sheep (Lair:2)
  A hydra skeleton (Hell)
  2 satyr zombies
  A fire dragon zombie (Crypt:1)
  An ettin skeleton (Crypt:3)
  A stone giant simulacrum (Coc:2)
  20 jumping spiders
  Sigmund (D:5)
  39 slime creatures
  21 culicivoras
  10 spriggans
  An ice dragon skeleton (Pan)
  5 wyverns
  A fire dragon skeleton (Pan)
  2 vampires (D:11)
  A fire elemental (Elf:1)
  Grum (D:8)
  An air elemental (Elf:1)
  5 dire elephant simulacra
  16 wraiths
  32 yaks
  5 small abominations
  34 ynoxinuls
  4 basilisks
  7 water elementals
  2 fire bats
  6 golden eyes
  A sea snake simulacrum (Hell)
  42 redbacks
  19 neqoxecs
  A deep troll zombie (Crypt:2)
  A steam dragon (D:7)
  2 wargs
  A fire bat zombie (Crypt:2)
  24 chaos spawn
  The ghost of wormed the Insei, an amateur OpTm (D:3)
  15 swamp worms
  An elf simulacrum (Vaults:4)
  13 vampire mosquitoes
  8 harpy simulacra
  An acid dragon (D:12)
  A hydra simulacrum (Coc:4)
  A naga (shapeshifter) (Elf:2)
  14 water moccasins
  2 floating eyes
  40 orc warriors
  A meliai simulacrum (D:13)
  A sky beast (D:7)
  An ice beast (shapeshifter) (Elf:2)
  6 black bears
  12 ogres
  5 swamp drakes (Swamp:4)
  2 ettin simulacra
  3 boggarts (Vaults:3)
  19 wolves
  5 centaurs
  A rime drake zombie (Crypt:2)
  7 kobold brigands
  3 lemures (D:5)
  4 human zombies
  A phantom (D:3)
  A komodo dragon skeleton (Crypt:1)
  A gnoll sergeant (D:4)
  A yaktaur skeleton (Crypt:2)
  15 bullfrogs
  3 scorpions (D:5)
  2 two-headed ogre simulacra
  3 necrophages
  5 water moccasin zombies (Ossuary)
  14 wights
  3 elephant simulacra
  6 killer bees
  2 lindwurm simulacra (IceCv)
  A raiju skeleton (Crypt:1)
  A polar bear skeleton (Crypt:1)
  3 electric eels
  5 komodo dragon simulacra (IceCv)
  4 jellies
  37 orc priests
  2 hounds (D:5)
  7 iguanas
  An iguana (shapeshifter) (D:15)
  Ijyb (D:4)
  A human skeleton (Crypt:1)
  14 orc wizards
  3 troll simulacra
  7 hell rats
  A polar bear simulacrum (Lair:4)
  2 spriggan simulacra
  A wolf simulacrum (D:12)
  A tengu skeleton (Crypt:1)
  12 mummies
  8 adders
  8 gnolls
  4 river rats (D:7)
  10 acid dragon simulacra (IceCv)
  6 naga simulacra
  2 shadow imps
  3 white imps
  2 ufetubi
  4 steam dragon simulacra (IceCv)
  2 adder zombies (Ossuary)
  4 worms
  2 dart slugs
  77 orcs
  A bat zombie (Crypt:2)
  14 endoplasms
  4 giant cockroaches
  4 gnoll zombies (Ossuary)
  3 hobgoblins (D:1)
  5 jackals
  3 quokkas
  3 ball pythons
  6 bats
  4 frilled lizards
  A frilled lizard zombie (Crypt:3)
  12 goblins
  A hobgoblin zombie (Ossuary)
  40 kobolds
  5 kobold zombies (Ossuary)
  4 orc zombies (Ossuary)
  A quokka skeleton (Crypt:1)
  6 rats
  5 briar patches (Swamp:4)
  5 creeping infernos
  22 fire vortices
  A starspawn tentacle (Abyss:3)
2768 creatures vanquished.

Vanquished Creatures (collateral kills)
  A dread lich (Crypt:3)
  3 juggernauts (Dis:7)
  Boris (Crypt:1)
  5 shard shrikes
  13 caustic shrikes
  A golden dragon (Depths:4)
  Geryon (Hell)
  3 pandemonium lords (Pan)
  A bone dragon (Crypt:3)
  A Tzitzimitl (Pan)
  3 Brimstone Fiends
  A Hell Sentinel (Pan)
  3 liches
  2 Ice Fiends (Pan)
  4 searing wretches
  A titan (Depths:4)
  A quicksilver dragon (Depths:2)
  2 acid blobs (Slime:5)
  Murray (Hell)
  3 Executioners (Pan)
  2 tengu reavers (Vaults:5)
  2 sphinxes
  10 ancient champions
  5 shadow dragons
  3 storm dragons
  A demonspawn warmonger (Pan)
  3 revenants (Crypt:1)
  4 iron dragons
  3 frost giants
  A caustic shrike zombie (Crypt:1)
  3 narguns
  10 vault wardens
  7 demonspawn blood saints (Pan)
  13 balrugs
  A curse skull (Pan)
  5 ghouls
  8 ironbound preservers
  5 cacodemons (Pan)
  7 war gargoyles
  A demonspawn corrupter (Pan)
  3 reapers
  A spriggan defender (Depths:4)
  8 vampire knights
  7 stone giants
  A draconian annihilator (Depths:4)
  17 very ugly things
  An ironbound thunderhulk (Vaults:2)
  2 elemental wellsprings
  3 wendigos (Coc:7)
  5 demonspawn black suns (Pan)
  5 lorocyprocas (Pan)
  A black draconian (Depths:4)
  A dire elephant (Vaults:4)
  A red draconian (Depths:4)
  6 spark wasps
  3 green deaths (Pan)
  2 deep elf death magi
  A crystal guardian (Vaults:3)
  An ettin (shapeshifter) (Vaults:5)
  20 blizzard demons
  7 ettins
  2 iron golems
  A mummy priest (WizLab)
  4 fire dragons
  3 eidola
  9 yaktaur captains
  2 deep elf high priests (Vaults:5)
  A great orb of eyes (Pan)
  A jiangshi (Crypt:3)
  A peacekeeper (Vaults:3)
  A spriggan air mage (Depths:4)
  A rakshasa (Depths:1)
  6 ice dragons
  7 vault guards
  A juggernaut simulacrum (Coc:7)
  A centaur warrior (Vaults:3)
  5 ironbound frosthearts
  2 deep troll shamans
  4 two-headed ogres (Vaults:2)
  24 hell hogs
  2 vampire magi (Crypt:3)
  2 deep troll earth magi
  A spriggan (Depths:4)
  32 sun demons
  17 hell knights
  15 soul eaters
  A spriggan berserker (Depths:4)
  A titan skeleton (Crypt:3)
  A wretched star (Abyss:3)
  A shadow wraith (Pan)
  3 crystal echidnas (Dis:7)
  6 sixfirhies
  26 skeletal warriors
  23 deep trolls
  4 iron trolls
  An orb spider (Spider:3)
  3 flayed ghosts
  2 shadow demons (Pan)
  2 glowing orange brains
  7 necromancers
  4 lindwurms
  5 ironbound convokers
  2 wizards (Depths:3)
  8 phantasmal warriors
  3 shining eyes
  28 ugly things
  A moth of wrath (Depths:4)
  3 ice statues
  2 rust devils
  3 vault sentinels
  14 hellions
  2 demonic crawlers
  10 orange demons (Pan)
  19 smoke demons
  20 yaktaurs
  A naga skeleton (Crypt:3)
  16 tormentors
  2 tengu conjurers (Depths:3)
  2 ice devils
  4 red devils
  2 guardian mummies
  2 hydra zombies (Hell)
  3 meliai (Abyss:3)
  A merfolk (shapeshifter) (Depths:3)
  A hornet (Depths:4)
  7 hellwings
  A hydra skeleton (Crypt:3)
  5 flying skulls (Crypt:3)
  An ettin skeleton (Crypt:3)
  A water elemental (Depths:4)
  45 slime creatures
  8 ynoxinuls (Pan)
  3 dire elephant simulacra
  A wraith (Vaults:3)
  2 fire bats (Pan)
  8 neqoxecs (Pan)
  5 chaos spawn (Pan)
  A golden eye (Pan)
  A redback (Spider:3)
  2 harpy simulacra
  A naga zombie (Crypt:1)
  14 large abominations (Pan)
  A hydra simulacrum (Coc:7)
  3 floating eyes
  An ogre (Vaults:2)
  An elf simulacrum (Vaults:4)
  3 necrophages (Crypt:2)
  A human zombie (Crypt:1)
  A human skeleton (Crypt:1)
  2 hell rats (Hell)
  5 mummies (Crypt:3)
  A frilled lizard skeleton (Crypt:1)
  A goblin zombie (Crypt:2)
  A creeping inferno (Hell)
  8 fire vortices (Hell)
  13 foxfires
773 creatures vanquished.

Vanquished Creatures (others)
  3 caustic shrikes
  2 shard shrikes (Coc:7)
  2 iron giants
  A hellephant (Geh:7)
  A searing wretch (Geh:7)
  A titan (Pan)
  2 ancient champions
  An eldritch tentacle (Pan)
  A rockslime (Slime:5)
  2 vault wardens (Vaults:4)
  A fire giant (Geh:2)
  A balrug (Geh:2)
  A frost giant (Coc:5)
  A ghost moth (Pan)
  2 ghouls
  4 demonspawn corrupters (Pan)
  2 draconian annihilators (Pan)
  3 demonspawn blood saints (Pan)
  2 reapers
  6 war gargoyles
  A cacodemon (Pan)
  3 ironbound thunderhulks
  3 very ugly things
  4 demonspawn black suns (Pan)
  A yellow draconian (Depths:4)
  A lorocyproca (Pan)
  A spark wasp (Depths:4)
  A red draconian (Depths:4)
  2 jiangshi
  A deep elf high priest (Vaults:4)
  2 blizzard demons
  A fire dragon (Depths:4)
  A yaktaur captain (Vaults:5)
  A great orb of eyes (Pan)
  2 caustic shrike simulacra
  A vault guard (Vaults:4)
  2 juggernaut simulacra
  A deep troll shaman (Depths:2)
  An ironbound frostheart (Vaults:3)
  5 hell hogs
  2 soul eaters
  3 hell knights
  A deep elf knight (Elf:1)
  A shadow wraith (Pan)
  7 sun demons (Pan)
  9 skeletal warriors
  2 sixfirhies (Pan)
  3 deep trolls
  2 shadow demons (Pan)
  2 large abominations
  3 ironbound convokers
  A spriggan simulacrum (Coc:2)
  A necromancer (Crypt:3)
  A deep elf pyromancer (Elf:1)
  6 ugly things
  A moth of wrath (Depths:4)
  A titan simulacrum (Coc:2)
  3 smoke demons (Pan)
  2 demonic crawlers (Pan)
  2 orange demons (Pan)
  3 yaktaurs
  A kobold demonologist (Pan)
  12 hellions
  3 tormentors (Pan)
  A freezing wraith (Crypt:2)
  3 hellwings (Pan)
  2 bloated husks
  A shadow dragon simulacrum (Coc:1)
  10 slime creatures
  4 flying skulls (Crypt:3)
  5 ynoxinuls (Pan)
  A dire elephant simulacrum (Coc:7)
  A fire bat (Pan)
  6 neqoxecs (Pan)
  11 chaos spawn (Pan)
  2 harpy simulacra
  A swamp worm (Swamp:4)
  An ettin simulacrum (Coc:2)
  2 necrophages (Crypt:1)
  A small abomination (Abyss:3)
  2 quasits (Abyss:3)
  A hell rat (Hell)
  A mummy (Crypt:3)
  15 ball lightnings (Pan)
  3 creeping infernos
  4 fire vortices
  1101 foxfires
  50 fungi
  135 plants
  2 starspawn tentacles (Abyss:3)
1512 creatures vanquished.

Grand Total: 5053 creatures vanquished

Notes
Turn   | Place    | Note
-------+----------+-------------------------------------------
     0 | D:1      | holysushi the Demonspawn Fire Elementalist began the quest
                  | for the Orb.
     0 | D:1      | Reached XP level 1. HP: 13/13 MP: 3/3
   321 | D:1      | Gained mutation: Spells you cast may paralyse adjacent
                  | enemies. [demonic ancestry]
   321 | D:1      | Reached XP level 2. HP: 18/19 MP: 0/5
   845 | D:1      | Gained mutation: You are partially covered in rugged brown
                  | scales. (AC +1, +3% HP) [demonic ancestry]
   845 | D:1      | Reached XP level 3. HP: 18/24 MP: 7/7
  1626 | D:2      | Reached skill level 1 in Short Blades
  1681 | D:2      | Gained mutation: You have a small tail. [demonic ancestry]
  1681 | D:2      | Reached XP level 4. HP: 30/30 MP: 6/9
  1692 | D:2      | Learned a level 2 spell: Scorch
  2175 | D:3      | Noticed a phantom
  2176 | D:3      | Found a runed translucent gate.
  2176 | D:3      | Found a runed translucent gate.
  2176 | D:3      | Identified the +8 dagger of Invincibility {drain, Int+4
                  | Dex+2 SInv}
  2177 | D:3      | Found a runed translucent gate.
  2185 | D:3      | Noticed wormed's ghost (amateur OpTm)
  2261 | D:3      | Found a snail-covered altar of Cheibriados.
  2437 | D:3      | Found a burning altar of Makhleb.
  2669 | D:4      | Reached skill level 1 in Fighting
  2734 | D:4      | Gained mutation: A meltable shield of frost defends you.
                  | (SH +4) [demonic ancestry]
  2734 | D:4      | Reached XP level 5. HP: 38/38 MP: 8/10
  2739 | D:4      | Identified the amulet of Mutualism {rF+++ Regen+}
  2774 | D:4      | Learned a level 3 spell: Kindle Blastsparks
  3334 | D:4      | Reached XP level 6. HP: 44/44 MP: 2/12
  3738 | D:4      | Noticed Ijyb
  3748 | D:4      | Killed Ijyb
  3820 | D:4      | Identified the +8 sling "Oppeahow" {heavy, *Corrode rPois
                  | rC+ Int+3}
  3980 | D:5      | Entered Level 5 of the Dungeon
  4114 | D:5      | Reached skill level 5 in Spellcasting
  4123 | D:5      | Noticed Pikel
  4259 | D:4      | Killed Pikel
  4260 | D:4      | Gained mutation: You have a tail ending in a sharp stinger.
                  | [demonic ancestry]
  4260 | D:4      | Reached XP level 7. HP: 40/49 MP: 3/17
  4359 | D:5      | Learned a level 4 spell: Flame Wave
  4368 | D:5      | Gained mutation: You have a sharp stinger which inflicts
                  | weakening toxins. [demonic ancestry]
  4368 | D:5      | Reached XP level 8. HP: 55/55 MP: 13/18
  4500 | D:5      | Noticed Sigmund
  4513 | D:5      | Killed Sigmund
  4514 | D:5      | Reached skill level 5 in Fire Magic
  4724 | D:5      | Reached skill level 1 in Evocations
  5489 | D:6      | Noticed Prince Ribbit
  5499 | D:6      | Killed Prince Ribbit
  5500 | D:6      | Reached skill level 5 in Dodging
  5500 | D:6      | Gained mutation: Your hexes are more powerful. [demonic
                  | ancestry]
  5500 | D:6      | Reached XP level 9. HP: 62/62 MP: 11/19
  5541 | D:6      | Found a blossoming altar of Fedhas.
  5563 | D:6      | Found a transporter.
  5566 | D:6      | Found an ancient bone altar of Kikubaaqudgha.
  5570 | D:6      | Found a transporter.
  5762 | D:6      | Noticed Menkaure
  5767 | D:6      | Identified the +6 trident of the Dark Horse {heavy, Will+
                  | Str+5 Int-3}
  5768 | D:6      | Found a basalt altar of Yredelemnul.
  5868 | D:6      | Found a sand-covered staircase.
  5875 | Ossuary  | Entered an ossuary
  6807 | D:3      | Killed wormed's ghost
  7637 | D:7      | Gained mutation: Spells you cast may paralyse nearby
                  | enemies. [demonic ancestry]
  7637 | D:7      | Reached XP level 10. HP: 67/69 MP: 22/22
  7779 | D:7      | Found a staircase to the Ecumenical Temple.
  8223 | D:7      | Reached skill level 5 in Stealth
  8264 | Temple   | Entered the Ecumenical Temple
  8475 | Temple   | Became a worshipper of Gozag Ym Sagoz the Greedy
  8857 | D:8      | Noticed an orange demon
  8861 | D:8      | Noticed Amaemon
  8872 | D:8      | Noticed Grum
  8873 | D:8      | Killed an orange demon
  8874 | D:8      | Reached skill level 5 in Short Blades
  8876 | D:8      | Killed Amaemon
  8879 | D:8      | Killed Grum
  9020 | D:8      | Reached skill level 10 in Spellcasting
  9092 | D:8      | Noticed Maurice
  9113 | D:8      | Killed Maurice
  9939 | D:9      | Reached XP level 11. HP: 68/79 MP: 9/25
 10173 | D:9      | Found a staircase to the Orcish Mines.
 10845 | D:10     | Entered Level 10 of the Dungeon
 10857 | D:10     | Noticed a two-headed ogre
 10865 | D:10     | Killed a two-headed ogre
 10866 | D:10     | Reached skill level 5 in Fighting
 10958 | D:10     | Found a radiant altar of Vehumet.
 11221 | D:10     | Found a staircase to the Lair.
 11445 | D:10     | Noticed a two-headed ogre
 11478 | D:10     | Killed a two-headed ogre
 12181 | D:11     | Found a one-way gate to the infinite horrors of the Abyss.
 12181 | D:11     | Noticed tkbsonic5's ghost (journeyman DgCj)
 12184 | D:11     | Found a transporter.
 12190 | D:11     | Noticed a thrashing horror
 12194 | D:11     | Found a transporter.
 12227 | D:11     | Noticed a red ugly thing
 12235 | D:11     | Killed a red ugly thing
 12440 | D:11     | Found a bloodstained altar of Trog.
 12670 | D:11     | Found Uckiaq's Weapon Shop.
 13037 | D:12     | Reached skill level 10 in Dodging
 13177 | D:12     | Found a frozen archway.
 13195 | D:12     | Reached XP level 12. HP: 79/88 MP: 2/26
 13203 | IceCv    | Entered an ice cave
 14479 | IceCv    | Noticed an ice dragon
 14485 | IceCv    | Learned a level 3 spell: Inner Flame
 14497 | IceCv    | Killed an ice dragon
 14552 | IceCv    | Identified the amulet "Viyneun" {Faith *Slow rElec rPois}
 14809 | D:12     | Noticed Lodul
 14815 | D:12     | Killed Lodul
 15428 | Lair:1   | Entered Level 1 of the Lair of Beasts
 16759 | Lair:2   | Found a hole to the Spider Nest.
 17244 | Lair:3   | Noticed a four-headed hydra
 17249 | Lair:3   | Killed a four-headed hydra
 17269 | Lair:3   | Gained mutation: You are mostly covered in rugged brown
                  | scales. (AC +2, +5% HP) [demonic ancestry]
 17269 | Lair:3   | Reached XP level 13. HP: 90/97 MP: 25/27
 17395 | Lair:3   | Noticed Sonja
 17402 | Lair:3   | Killed Sonja
 18112 | Lair:3   | Reached skill level 5 in Evocations
 18138 | Lair:3   | Found a staircase to the Swamp.
 18502 | Lair:4   | Noticed Josephine
 18515 | Lair:4   | Killed Josephine
 19922 | Lair:5   | Entered Level 5 of the Lair of Beasts
 19941 | Lair:5   | Reached skill level 1 in Shields
 20191 | Lair:5   | Found a viscous altar of Jiyva.
 20191 | Lair:5   | Found a staircase to the Slime Pits.
 20768 | Lair:5   | Noticed Nessos
 20775 | Lair:5   | Killed Nessos
 20986 | Lair:5   | Gained mutation: A meltable icy envelope protects you from
                  | harm. (AC +8) [demonic ancestry]
 20986 | Lair:5   | Reached XP level 14. HP: 108/108 MP: 1/28
 21339 | Lair:5   | Got the Reference Book on Hexing Minerals
 22104 | Orc:1    | Entered Level 1 of the Orcish Mines
 22857 | Orc:2    | Entered Level 2 of the Orcish Mines
 23345 | Orc:2    | Found a staircase to the Elven Halls.
 23544 | Orc:2    | Found Boudi's General Store.
 23545 | Orc:2    | Found Leigagi's General Store.
 23826 | Orc:2    | Bought a scroll of enchant armour for 127 gold pieces
 23826 | Orc:2    | Bought a potion of might for 68 gold pieces
 23826 | Orc:2    | Bought a potion of curing for 51 gold pieces
 23826 | Orc:2    | Bought a potion of curing for 51 gold pieces
 24164 | Orc:2    | Paralysed by an orc sorcerer for 5 turns
 24495 | Orc:2    | Found Dehuff's Antique Armour Shop.
 24495 | Orc:2    | Found Simyfux's Book Boutique.
 24495 | Orc:2    | Found a one-way gate leading to the halls of Pandemonium.
 24508 | Orc:2    | Bought a book of Chaos for 750 gold pieces
 24508 | Orc:2    | Bought Zusynen's Verses on the Unholy Burn for 690 gold
                  | pieces
 24521 | Orc:2    | Learned a level 6 spell: Starburst
 24866 | D:11     | Killed tkbsonic5's ghost
 24867 | D:11     | Reached skill level 5 in Shields
 25785 | D:13     | Identified the +1 leather armour "Xoumm" {Int+5}
 26505 | D:14     | Reached XP level 15. HP: 113/113 MP: 27/30
 26928 | Swamp:1  | Entered Level 1 of the Swamp
 27003 | Swamp:1  | Noticed Louise
 27268 | Swamp:1  | Reached skill level 1 in Armour
 27475 | Spider:1 | Entered Level 1 of the Spider Nest
 27484 | Spider:1 | Noticed an emperor scorpion
 27590 | Spider:1 | Reached skill level 10 in Stealth
 27896 | Spider:1 | Killed an emperor scorpion
 28221 | Lair:2   | Learned a level 3 spell: Dazzling Flash
 28667 | Spider:2 | Reached skill level 10 in Short Blades
 30006 | Spider:3 | Noticed an emperor scorpion
 30020 | Spider:3 | Killed an emperor scorpion
 30722 | Spider:4 | Entered Level 4 of the Spider Nest
 31242 | Spider:4 | Reached skill level 10 in Fire Magic
 31242 | Spider:4 | Gained mutation: A meltable icy envelope protects you from
                  | harm. (AC +8) [demonic ancestry]
 31242 | Spider:4 | Reached XP level 16. HP: 113/120 MP: 21/32
 31250 | Spider:4 | Reached skill level 1 in Hexes
 31621 | Spider:4 | Reached skill level 2 in Hexes
 32258 | Spider:3 | Reached skill level 3 in Hexes
 33436 | Spider:4 | Reached skill level 4 in Hexes
 33481 | Spider:4 | Found the +3 pair of seven-league boots {Rampage+∞}
 34033 | Spider:4 | Reached skill level 15 in Dodging
 34126 | Spider:4 | Reached skill level 5 in Hexes
 34343 | Spider:4 | Reached skill level 7 in Hexes
 34343 | Spider:4 | Reached XP level 17. HP: 126/126 MP: 31/33
 34356 | Spider:4 | Got a gossamer rune of Zot
 34929 | Swamp:1  | Killed Louise
 36109 | Swamp:3  | Reached skill level 8 in Hexes
 36916 | Swamp:3  | Reached XP level 18. HP: 71/133 MP: 12/34
 37392 | Swamp:4  | Entered Level 4 of the Swamp
 37719 | Swamp:4  | Identified 3 scrolls of acquirement
 37749 | Swamp:4  | Acquired 672 gold pieces
 37753 | Swamp:4  | Acquired Great Wizards, Vol. VII
 37755 | Swamp:4  | Acquired 860 gold pieces
 37764 | Swamp:4  | Learned a level 5 spell: Yara's Violent Unravelling
 37822 | Swamp:4  | Reached skill level 9 in Hexes
 39626 | Swamp:4  | Reached skill level 10 in Hexes
 40146 | Swamp:4  | Got a decaying rune of Zot
 40696 | Lair:3   | Learned a level 5 spell: Fireball
 40855 | Elf:1    | Entered Level 1 of the Elven Halls
 41650 | Elf:1    | Reached skill level 11 in Hexes
 41822 | Elf:1    | Got Cemuq's Compendium of Arcane Combat
 42458 | Elf:1    | Acquired the ring "Gaoveze" {Str+6 Int+6}
 42490 | Elf:1    | Bought the ring of Momicsen {Will+ MP+9 Int+4 Dex+6} for
                  | 1593 gold pieces
 42497 | Elf:1    | Bought a scorched long sword for 255 gold pieces
 42497 | Elf:1    | Identified the +7 long sword of Qoniseg {protect, *Noise
                  | rC++ Str+7} (You bought it in a shop on level 1 of the
                  | Elven Halls)
 43205 | Elf:2    | Learned a level 8 spell: Discord
 43296 | Elf:2    | Found a runed translucent gate.
 43296 | Elf:2    | Found a runed translucent gate.
 43297 | Elf:2    | Found a runed translucent gate.
 43386 | Elf:2    | Reached XP level 19. HP: 138/138 MP: 11/35
 43868 | Elf:3    | Entered Level 3 of the Elven Halls
 44018 | Elf:3    | Reached skill level 12 in Hexes
 44152 | Elf:3    | Found Yraunigh's Armour Shoppe.
 44152 | Elf:3    | Found Eczelujax's Weapon Emporium.
 44537 | Elf:3    | Noticed a Brimstone Fiend
 44573 | Abyss:2  | Cast into level 2 of the Abyss (a deep elf sorcerer)
 44609 | Abyss:2  | Found a corrupted altar of Lugonu.
 44632 | Abyss:2  | Found a corrupted altar of Lugonu.
 44739 | Abyss:2  | Noticed a bone dragon
 44792 | Abyss:3  | Found a corrupted altar of Lugonu.
 44795 | Abyss:3  | Learned a level 1 spell: Apportation
 44874 | Abyss:3  | Reached skill level 1 in Translocations
 45072 | Abyss:3  | Found a corrupted altar of Lugonu.
 45113 | Abyss:3  | Found a corrupted altar of Lugonu.
 45125 | Abyss:3  | Found a corrupted altar of Lugonu.
 45163 | Abyss:3  | Gained mutation: You are clumsy. (Dex -2) [a neqoxec]
 45186 | Abyss:3  | Lost mutation: You are clumsy. (Dex -2) [potion of
                  | mutation]
 45186 | Abyss:3  | Gained mutation: You are clumsy. (Dex -2) [potion of
                  | mutation]
 45186 | Abyss:3  | Gained mutation: Your spells are a little harder to cast,
                  | but a little more powerful. [potion of mutation]
 45186 | Abyss:3  | Gained mutation: Your system is resistant to poisons.
                  | (rPois) [potion of mutation]
 45187 | Abyss:3  | Lost mutation: Your system is resistant to poisons. (rPois)
                  | [potion of mutation]
 45187 | Abyss:3  | Lost mutation: You are clumsy. (Dex -2) [potion of
                  | mutation]
 45187 | Abyss:3  | Lost mutation: Your spells are a little harder to cast, but
                  | a little more powerful. [potion of mutation]
 45187 | Abyss:3  | Gained mutation: Your mind is acute. (Int +4, Str/Dex -1)
                  | [potion of mutation]
 45187 | Abyss:3  | Gained mutation: You expend magic power (3 MP) to
                  | strengthen your wands. [potion of mutation]
 45224 | Elf:3    | Escaped the Abyss
 45516 | Elf:3    | Identified the +9 trident of Sodyerr {holy, Contam Int+4
                  | Stlth+}
 45541 | Elf:3    | Identified the ring "Zeq Ihaj" {Dex+6 Stlth+}
 46589 | Elf:3    | Reached skill level 13 in Hexes
 47035 | Elf:3    | Identified the amulet "Ringed" {Faith rPois rCorr Str-5
                  | Int+3}
 47102 | Elf:3    | Gained mutation: You occasionally lose the ability to drink
                  | potions when taking damage. [you]
 47107 | Elf:3    | Lost mutation: Your mind is acute. (Int +4, Str/Dex -1)
                  | [potion of mutation]
 47107 | Elf:3    | Lost mutation: You expend magic power (3 MP) to strengthen
                  | your wands. [potion of mutation]
 47107 | Elf:3    | Gained mutation: Your spells are a little easier to cast,
                  | but a little less powerful. [potion of mutation]
 47190 | Elf:2    | Lost mutation: You occasionally lose the ability to drink
                  | potions when taking damage. [potion of mutation]
 47190 | Elf:2    | Lost mutation: Your spells are a little easier to cast, but
                  | a little less powerful. [potion of mutation]
 47190 | Elf:2    | Gained mutation: You have supernaturally acute eyesight.
                  | (SInv) [potion of mutation]
 47190 | Elf:2    | Gained mutation: You do not regenerate when monsters are
                  | visible. [potion of mutation]
 47190 | Elf:2    | Gained mutation: You expend magic power (3 MP) to
                  | strengthen your wands. [potion of mutation]
 47255 | Elf:3    | Reached skill level 1 in Transmutations
 47269 | Elf:3    | Identified the +1 scale mail of the Original Sin {Contam
                  | rN++ Dex+2}
 47281 | Elf:3    | Reached skill level 14 in Hexes
 47285 | Elf:3    | Identified the +7 hand axe "Suricos" {heavy, MP+9 Dex+2}
 47550 | Elf:3    | Identified the ring "Fosoenuz" {rPois rF+ Str+6 Int+4}
 47582 | Elf:3    | Identified the ring "Axigonn" {rF- rCorr Int+5}
 47598 | Elf:3    | Got Sif Muna's Cyclopedia of Concussion and Ice
 47635 | Elf:3    | Identified the +9 rapier "Wibbouj" {drain, rElec rPois rN+}
 47659 | Elf:3    | Identified the +0 pair of gloves of Intuition {Rampage +Inv
                  | rCorr Str-5}
 47664 | Elf:3    | Got Sif Muna's Parchment of Diablerie and Arcane Combat
 47674 | Elf:3    | Identified the +5 arbalest of Doubt {speed, rF+ Will+}
 47687 | Elf:3    | Bought a masterwork leather armour for 189 gold pieces
 47687 | Elf:3    | Identified the +3 leather armour "Jeskat" {Rampage rN++
                  | MP+9 Stlth-} (You bought it in a shop on level 3 of the
                  | Elven Halls)
 47687 | Elf:3    | Bought a pair of glowing boots for 202 gold pieces
 47687 | Elf:3    | Bought an ancient scale mail for 243 gold pieces
 47687 | Elf:3    | Identified the +0 scale mail of Keyxkus {rElec Str+4
                  | Stlth-} (You bought it in a shop on level 3 of the Elven
                  | Halls)
 47747 | Elf:3    | Identified the +1 short sword of Faallun {spect, rN+}
 48022 | Orc:2    | Bought a polished scimitar for 333 gold pieces
 48022 | Orc:2    | Identified the +0 scimitar "Turiyhon" {flame, rElec rC++
                  | Int+6} (You bought it in a shop on level 2 of the Orcish
                  | Mines)
 48022 | Orc:2    | Bought a pitted flail for 314 gold pieces
 48022 | Orc:2    | Identified the +11 flail of Past Mistakes {drain, rElec}
                  | (You bought it in a shop on level 2 of the Orcish Mines)
 48564 | D:14     | Found a gate to the Vaults.
 48609 | D:14     | Gained mutation: Your melee attacks may debilitate your
                  | foes. [demonic ancestry]
 48609 | D:14     | Reached XP level 20. HP: 145/145 MP: 29/37
 48848 | D:15     | Entered Level 15 of the Dungeon
 48952 | D:15     | Identified the ring "Booruhosaof" {rF+ Dex+3 SInv}
 49272 | D:15     | Found a staircase to the Depths.
 49593 | Vaults:1 | Entered Level 1 of the Vaults
 49791 | Vaults:1 | Reached skill level 15 in Hexes
 50532 | Vaults:1 | Found Vakoabav's Weapon Emporium.
 51114 | Vaults:1 | Reached skill level 16 in Hexes
 52170 | Vaults:2 | Reached skill level 17 in Hexes
 52277 | Vaults:2 | Noticed Frederick
 52347 | Vaults:2 | Killed Frederick
 52480 | Vaults:2 | Found Iffid's Antique Armour Emporium.
 52715 | Vaults:2 | Reached skill level 18 in Hexes
 53329 | Vaults:2 | Identified the +2 helmet "Qaotio" {Dex+3}
 54011 | Vaults:3 | Gained mutation: Spells you cast and wands you use may
                  | paralyse nearby enemies. [demonic ancestry]
 54011 | Vaults:3 | Reached XP level 21. HP: 154/154 MP: 38/38
 54015 | Vaults:3 | Noticed Donald
 54033 | Vaults:3 | Reached skill level 19 in Hexes
 54043 | Vaults:3 | Killed Donald
 54370 | Vaults:3 | Identified the +9 arbalest of the Charming Gods {heavy, rF+
                  | rC- rCorr SInv}
 54401 | Vaults:3 | Found a staircase to the Crypt.
 54930 | Vaults:3 | Found Ureomean's Distillery.
 54945 | Vaults:3 | Bought a potion of invisibility for 136 gold pieces
 55055 | Vaults:3 | Found Juseside's Book Shoppe.
 55640 | Vaults:4 | Reached skill level 20 in Hexes
 55803 | Vaults:4 | Found a magical portal.
 55830 | WizLab   | Entered Doroklohe's Tomb
 56077 | WizLab   | Noticed a royal mummy
 56531 | Vaults:4 | Reached skill level 21 in Hexes
 57517 | Vaults:5 | Entered Level 5 of the Vaults
 57523 | Vaults:5 | Reached skill level 22 in Hexes
 57692 | Vaults:4 | Gained mutation: You are surrounded by an aura of silence.
                  | [demonic ancestry]
 57692 | Vaults:4 | Reached XP level 22. HP: 98/160 MP: 8/39
 59224 | Vaults:5 | Reached skill level 23 in Hexes
 59815 | Vaults:5 | Identified the +11 scimitar "Bochic" {heavy, rElec Str+2}
 60326 | Vaults:5 | Identified the +1 ring mail of Dyspraxia {-Tele rPois rF+
                  | rN+}
 60924 | Vaults:5 | Identified the +1 chain mail of Tenacity {rN+}
 61195 | Vaults:5 | Noticed a golden dragon
 61204 | Vaults:5 | Noticed a golden dragon
 61211 | Vaults:5 | Killed a golden dragon
 61222 | Vaults:5 | Killed a golden dragon
 61538 | Vaults:5 | Got a silver rune of Zot
 61816 | Vaults:5 | Found the +4 Cigotuvi's embrace {rMiasma Drain rN+}
 62296 | Depths:1 | Entered Level 1 of the Depths
 62635 | Depths:1 | Noticed Mara
 62638 | Depths:1 | Found a transporter.
 62641 | Depths:1 | Found a transporter.
 62644 | Depths:1 | Noticed holysushi's illusion
 63116 | Depths:1 | Found a gateway to Hell.
 63219 | Depths:1 | Killed Mara
 63308 | Depths:1 | Found a transporter.
 63316 | Depths:1 | Found a transporter.
 63338 | Depths:1 | Found a shimmering altar of Xom.
 63359 | Depths:1 | Found a transporter.
 63360 | Depths:1 | Found a transporter.
 64035 | Depths:2 | Found a one-way gateway to a ziggurat.
 64669 | Depths:2 | Noticed a juggernaut
 64713 | Depths:2 | Killed a juggernaut
 64863 | Depths:2 | Noticed a caustic shrike
 64888 | Depths:2 | Killed a caustic shrike
 64907 | Depths:2 | Reached XP level 23. HP: 125/171 MP: 32/40
 65120 | Depths:2 | Learned a level 6 spell: Death Channel
 65221 | Depths:2 | Reached skill level 1 in Necromancy
 65529 | Depths:3 | Reached skill level 5 in Transmutations
 65629 | Depths:3 | Noticed a caustic shrike
 65633 | Depths:3 | Killed a caustic shrike
 66070 | Depths:3 | Reached skill level 5 in Necromancy
 66790 | Depths:3 | Found a portal to a secret trove of treasure.
 66825 | Depths:3 | Bought the +2 shield of Resistance {rF++ rC++ Will++} for
                  | 916 gold pieces
 66825 | Depths:3 | Found the +2 shield of Resistance {rF++ rC++ Will++}
 67080 | Depths:4 | Entered Level 4 of the Depths
 67083 | Depths:4 | Found a transporter.
 67086 | Depths:4 | Noticed Roplacol's ghost (master GrFi)
 67088 | Depths:4 | Noticed a caustic shrike
 67092 | Depths:4 | Noticed a caustic shrike
 67687 | Depths:4 | Reached skill level 10 in Fighting
 67767 | Depths:4 | Found a transporter.
 68197 | Depths:4 | Found a gate to the Realm of Zot.
 68670 | Depths:4 | Acquired 787 gold pieces
 68681 | Depths:4 | Bought the amulet of Vitality {RegenMP++ Regen++} for 1400
                  | gold pieces
 68681 | Depths:4 | Found the amulet of Vitality {RegenMP++ Regen++}
 68705 | Depths:4 | Killed a caustic shrike
 68709 | Depths:4 | Killed a caustic shrike
 68815 | Depths:4 | Learned a level 4 spell: Dispel Undead
 68919 | Depths:4 | Killed Roplacol's ghost
 69005 | Depths:4 | Identified the ring of Xikyek {rF+ Str-4 Int+4 Slay+4}
 69011 | Depths:4 | Identified the ring of Wodauj {Drain rCorr Str+6 Dex+4
                  | Slay+2}
 69391 | Crypt:1  | Entered Level 1 of the Crypt
 70139 | Crypt:1  | Noticed Boris
 70187 | Crypt:1  | Killed Boris
 70899 | Crypt:2  | Gained mutation: You are completely covered in rugged brown
                  | scales. (AC +3, +7% HP) [demonic ancestry]
 70899 | Crypt:2  | Reached XP level 24. HP: 169/188 MP: 33/40
 70996 | Crypt:2  | Noticed Boris
 71013 | Crypt:2  | Killed Boris
 71442 | Crypt:2  | Found a basalt altar of Yredelemnul.
 71946 | Crypt:3  | Entered Level 3 of the Crypt
 72120 | Crypt:3  | Noticed Xtahua
 72135 | Crypt:3  | Killed Xtahua
 72669 | Crypt:3  | Found a staircase to the Tomb.
 73036 | Crypt:3  | Found an ancient bone altar of Kikubaaqudgha.
 73052 | Crypt:3  | Identified the +1 broad axe "Vubuad" {drain, rF+ Will++
                  | Dex+4}
 73052 | Crypt:3  | Identified the +2 ring mail of the Saviour {rN+}
 73054 | Crypt:3  | Noticed a dread lich
 73058 | Crypt:3  | Killed a dread lich
 73092 | Crypt:3  | Identified the +0 tower shield "Vacsuniz" {Int+2}
 73115 | Crypt:3  | Got the Secrets of Sinister Arts
 73461 | Crypt:3  | Reached skill level 10 in Necromancy
 73929 | Crypt:3  | Bought an encrusted ring mail for 306 gold pieces
 73929 | Crypt:3  | Identified the +4 ring mail of Lethargy {rN++} (You bought
                  | it in a shop on level 3 of the Crypt)
 73929 | Crypt:3  | Bought a smoking scale mail for 306 gold pieces
 73929 | Crypt:3  | Identified the +5 scale mail of Shadows and Fog {rElec
                  | Regen+ Stlth+} (You bought it in a shop on level 3 of the
                  | Crypt)
 73929 | Crypt:3  | Bought a transparent ring mail for 306 gold pieces
 73929 | Crypt:3  | Identified the +0 ring mail of the Gate {Harm rF- rN++
                  | Dex+2} (You bought it in a shop on level 3 of the Crypt)
 73929 | Crypt:3  | Bought a pair of steaming boots for 323 gold pieces
 73929 | Crypt:3  | Identified the +2 pair of boots "Osonup" {rElec Dex+4
                  | Stlth+} (You bought it in a shop on level 3 of the Crypt)
 74300 | Hell     | Entered the Vestibule of Hell
 74301 | Hell     | Noticed Geryon
 74316 | Hell     | Killed Murray
 74320 | Hell     | Reached skill level 5 in Armour
 74415 | Hell     | Reached skill level 10 in Shields
 74415 | Hell     | Killed Geryon
 74418 | Hell     | Reached XP level 25. HP: 153/199 MP: 7/41
 74814 | Hell     | Found a gateway to the Iron City of Dis.
 75089 | Hell     | Found a gateway to the ashen valley of Gehenna.
 75152 | Hell     | Found a gateway to the decaying netherworld of Tartarus.
 75249 | Hell     | Found a gateway to the freezing wastes of Cocytus.
 75351 | Hell     | Learned a level 8 spell: Ignition
 75628 | Depths:3 | Voluntarily entered the Abyss.
 75690 | Abyss:3  | Found a corrupted altar of Lugonu.
 75691 | Abyss:3  | Got an abyssal rune of Zot
 75731 | Abyss:3  | Found a corrupted altar of Lugonu.
 75768 | Abyss:3  | Found a stormy altar of Qazlal.
 75772 | Depths:3 | Escaped the Abyss
 76053 | Slime:1  | Entered Level 1 of the Pits of Slime
 77680 | Slime:5  | Entered Level 5 of the Pits of Slime
 77754 | Slime:5  | Gained mutation: You are clumsy. (Dex -2) [a shining eye]
 77923 | Slime:5  | Learned a level 2 spell: Blink
 78138 | Slime:5  | Noticed the Royal Jelly
 78561 | Slime:4  | Gained mutation: You are frail. (-10% HP) [a shining eye]
 78620 | Slime:5  | Found a viscous altar of Jiyva.
 78623 | Slime:5  | Found the +11 Singing Sword {sonic wave}
 78811 | Slime:4  | Lost mutation: You expend magic power (3 MP) to strengthen
                  | your wands. [potion of mutation]
 78811 | Slime:4  | Lost mutation: You are clumsy. (Dex -2) [potion of
                  | mutation]
 78811 | Slime:4  | Lost mutation: You have supernaturally acute eyesight.
                  | (SInv) [potion of mutation]
 78811 | Slime:4  | Gained mutation: You have supernaturally acute eyesight.
                  | (SInv) [potion of mutation]
 78812 | Slime:4  | Lost mutation: You have supernaturally acute eyesight.
                  | (SInv) [potion of mutation]
 78812 | Slime:4  | Lost mutation: You are frail. (-10% HP) [potion of
                  | mutation]
 78812 | Slime:4  | Gained mutation: You are strong-willed. (Will+) [potion of
                  | mutation]
 78812 | Slime:4  | Gained mutation: You are somewhat resistant to further
                  | mutation. [potion of mutation]
 78813 | Slime:4  | Lost mutation: You are strong-willed. (Will+) [potion of
                  | mutation]
 78813 | Slime:4  | Lost mutation: You do not regenerate when monsters are
                  | visible. [potion of mutation]
 78813 | Slime:4  | Lost mutation: You are somewhat resistant to further
                  | mutation. [potion of mutation]
 78813 | Slime:4  | Gained mutation: You have a somewhat thin skeletal
                  | structure. (Dex +2, Stealth+) [potion of mutation]
 78813 | Slime:4  | Gained mutation: You have supernaturally acute eyesight.
                  | (SInv) [potion of mutation]
 78813 | Slime:4  | Gained mutation: You have very sharp teeth. [potion of
                  | mutation]
 79132 | Pan      | Entered Pandemonium
 79143 | Pan      | Found a transporter.
 79201 | Pan      | Found a transporter.
 79484 | Pan      | Got the Quarto of the Supportive Sixfirhy
 79488 | Pan      | Identified the ring of Faeff {rF+ EV+5 Dex+4}
 79498 | Pan      | Identified the ring "Kepewy" {rElec rF+ Dex+6}
 79627 | Pan      | Gained mutation: You are clumsy. (Dex -2) [a neqoxec]
 79685 | Pan      | Gained mutation: Your spells are a little easier to cast,
                  | but a little less powerful. [a cacodemon]
 79699 | Pan      | Reached skill level 15 in Fire Magic
 79723 | Pan      | Noticed Cijoitiw the pandemonium lord
 79815 | Pan      | Noticed Kaidadom the pandemonium lord
 79831 | Pan      | Killed Kaidadom the pandemonium lord
 79901 | Pan      | Found a runed translucent door.
 79909 | Pan      | Found a runed translucent door.
 79913 | Pan      | Found a runed translucent door.
 79959 | Pan      | Found a runed translucent door.
 79967 | Pan      | Noticed Divodere the pandemonium lord
 80324 | Pan      | Found an exit through the horrors of the Abyss.
 80333 | Pan      | Took an exit into the Abyss.
 80333 | Abyss:3  | Escaped into the Abyss
 80348 | Orc:2    | Escaped the Abyss
 80350 | Pan      | Entered the realm of Mnoleg.
 80350 | Pan      | Entered Pandemonium
 80364 | Pan      | Noticed Mnoleg
 80670 | Pan      | Gained mutation: You are frail. (-10% HP) [a cacodemon]
 80694 | Pan      | Reached XP level 26. HP: 150/192 MP: 27/41
 80749 | Pan      | Gained mutation: Armour fits poorly on your strangely
                  | shaped body. [a neqoxec]
 80750 | Pan      | Gained mutation: You occasionally lose the ability to drink
                  | potions when taking damage. [a cacodemon]
 80759 | Pan      | Gained mutation: Your magical capacity is low. (-10% MP) [a
                  | neqoxec]
 80793 | Pan      | Gained mutation: You are weak. (Str -2) [a cacodemon]
 80795 | Pan      | Gained mutation: You occasionally lose the ability to read
                  | scrolls when taking damage. [a cacodemon]
 80850 | Pan      | Gained mutation: You are very clumsy. (Dex -4) [a shining
                  | eye]
 80851 | Pan      | Gained mutation: Your spells are easier to cast, but less
                  | powerful. [a shining eye]
 80873 | Pan      | Gained mutation: You are occasionally teleported next to
                  | monsters. [a shining eye]
 80917 | Pan      | Killed Mnoleg
 81080 | Pan      | Got a glowing rune of Zot
 81245 | Pan      | Lost mutation: You are frail. (-10% HP) [potion of
                  | mutation]
 81245 | Pan      | Lost mutation: You are very clumsy. (Dex -4) [potion of
                  | mutation]
 81246 | Pan      | Lost mutation: You have a somewhat thin skeletal structure.
                  | (Dex +2, Stealth+) [potion of mutation]
 81246 | Pan      | Lost mutation: You occasionally lose the ability to drink
                  | potions when taking damage. [potion of mutation]
 81246 | Pan      | Lost mutation: Armour fits poorly on your strangely shaped
                  | body. [potion of mutation]
 81246 | Pan      | Gained mutation: You are very clumsy. (Dex -4) [potion of
                  | mutation]
 81247 | Pan      | Lost mutation: You occasionally lose the ability to read
                  | scrolls when taking damage. [potion of mutation]
 81247 | Pan      | Lost mutation: You are weak. (Str -2) [potion of mutation]
 81247 | Pan      | Lost mutation: Your magical capacity is low. (-10% MP)
                  | [potion of mutation]
 81247 | Pan      | Lost mutation: You are very clumsy. (Dex -4) [potion of
                  | mutation]
 81247 | Pan      | Gained mutation: Your flesh is cold resistant. (rC+)
                  | [potion of mutation]
 81273 | Pan      | Found an exit through the horrors of the Abyss.
 81293 | Pan      | Noticed Xirph the pandemonium lord
 81307 | Pan      | Killed Xirph the pandemonium lord
 81485 | Pan      | Noticed Xaoczia the pandemonium lord
 81511 | Pan      | Killed Xaoczia the pandemonium lord
 81642 | Pan      | Entered the realm of Cerebov.
 81750 | Pan      | Got a fiery rune of Zot
 81752 | Pan      | Found the +6 sword of Cerebov {flame}
 81752 | Pan      | Noticed Cerebov
 82325 | Pan      | Got the Folio of Gloom
 82333 | Pan      | Identified the +1 scale mail "Lonnod" {rN+ Int+2}
 82360 | Pan      | Got Juzium's Excursus on Percussion and Glaciation
 82364 | Pan      | Identified the ring of Jiv Bish {rN+ Str+6}
 82429 | Pan      | Identified the +1 quarterstaff "Kaluul" {flame, rF+ Will+}
 82789 | Pan      | Killed Cerebov
 82913 | Pan      | Noticed Pomairphe the pandemonium lord
 82955 | Pan      | Found an exit through the horrors of the Abyss.
 82961 | Pan      | Took an exit into the Abyss.
 82961 | Abyss:3  | Escaped into the Abyss
 82961 | Abyss:3  | Found a corrupted altar of Lugonu.
 82961 | Abyss:3  | Found a corrupted altar of Lugonu.
 82961 | Abyss:3  | Found a corrupted altar of Lugonu.
 82977 | Abyss:3  | Found a corrupted altar of Lugonu.
 83093 | Orc:2    | Escaped the Abyss
 83552 | Slime:5  | Killed the Royal Jelly
 83553 | Slime:5  | Reached skill level 15 in Fighting
 83963 | Slime:5  | Identified the +4 dagger of the Eel {freeze, Dex+4 Stlth+}
 83972 | Slime:5  | Lost mutation: You are clumsy. (Dex -2) [potion of
                  | mutation]
 83972 | Slime:5  | Lost mutation: You are occasionally teleported next to
                  | monsters. [potion of mutation]
 83972 | Slime:5  | Lost mutation: Your spells are easier to cast, but less
                  | powerful. [potion of mutation]
 83972 | Slime:5  | Gained mutation: Your movements are slightly less
                  | encumbered by armour. (ER -2) [potion of mutation]
 83988 | Slime:5  | Identified the +1 helmet of Dode {Will+ Dex+7}
 84013 | Slime:5  | Got a slimy rune of Zot
 84014 | Slime:5  | Identified the +4 flail of Anguish {freeze, rPois Int-3
                  | Dex+4}
 84022 | Slime:5  | Identified the amulet "Wueth" {Reflect rElec rCorr Str+3
                  | SH+5}
 84058 | Slime:5  | Identified the +7 long sword of the Eel {venom, rC+}
 84396 | Pan      | Entered Pandemonium
 84461 | Pan      | Reached skill level 1 in Long Blades
 84561 | Pan      | Reached skill level 5 in Long Blades
 84591 | Pan      | Found an exit through the horrors of the Abyss.
 84681 | Pan      | Entered the realm of Gloorx Vloq.
 84729 | Pan      | Identified the amulet "Epsedes" {Spirit rElec rPois rN++
                  | Str-5}
 84836 | Pan      | Found an exit through the horrors of the Abyss.
 85434 | Pan      | Reached skill level 10 in Long Blades
 85480 | Pan      | Noticed Gloorx Vloq
 85542 | Pan      | Identified the ring "Sugit" {*Slow rF+ MP+9 Dex+2}
 85566 | Pan      | Killed Gloorx Vloq
 85586 | Pan      | Got a dark rune of Zot
 85614 | Pan      | Identified the ring "Zedgh" {Fire rElec Will- Dex+4}
 85798 | Pan      | Entered the realm of Lom Lobon.
 86131 | Pan      | Reached XP level 27. HP: 220/221 MP: 41/41
 86407 | Pan      | Noticed Lom Lobon
 86430 | Pan      | Got a magical rune of Zot
 86470 | Pan      | Killed Lom Lobon
 87002 | Pan      | Noticed Metuesye the pandemonium lord
 87025 | Pan      | Killed Metuesye the pandemonium lord
 87362 | Pan      | Noticed Zaru Dui the pandemonium lord
 87531 | Pan      | Killed Zaru Dui the pandemonium lord
 87599 | Pan      | Found a runed translucent door.
 87617 | Pan      | Got a demonic rune of Zot
 87646 | Orc:2    | Escaped Pandemonium
 87964 | Geh:1    | Entered Level 1 of Gehenna
 88367 | Geh:3    | Noticed a dread lich
 88693 | Geh:6    | Gained mutation: Armour fits poorly on your strangely
                  | shaped body. [mutagenic glow]
 88709 | Geh:6    | Gained mutation: Your flesh is heat resistant. (rF+)
                  | [mutagenic glow]
 88983 | Geh:7    | Entered Level 7 of Gehenna
 89098 | Geh:7    | Noticed an ancient lich
 89131 | Geh:7    | Killed an ancient lich
 89135 | Geh:7    | Noticed a dread lich
 89171 | Geh:7    | Killed a dread lich
 89694 | Geh:7    | Found the +7 sceptre of Asmodeus
 89694 | Geh:7    | Noticed Asmodeus
 89726 | Geh:7    | Killed Asmodeus
 89985 | Coc:1    | Entered Level 1 of Cocytus
 90608 | Coc:7    | Entered Level 7 of Cocytus
 90633 | Coc:7    | Paralysed by a wendigo for 1 turns
 90895 | Coc:7    | HP: 7/239 [drowned by a water elemental[an elemental
                  | wellspring] (15)]
 90939 | Coc:7    | HP: 9/239 [nargun (6)]
 91594 | Coc:7    | Paralysed by a wendigo for 1 turns
 91729 | Coc:7    | Paralysed by a wendigo for 1 turns
 91957 | Coc:7    | Reached skill level 15 in Stealth
 92782 | Coc:7    | Identified the +5 hand axe "Ripur" {spect, rPois}
 92782 | Coc:7    | Noticed Antaeus
 92935 | Coc:7    | Reached skill level 10 in Evocations
 93097 | Coc:7    | Killed Antaeus
 93139 | Coc:7    | Got an icy rune of Zot
 93720 | Hell     | Upgraded the game from 0.30-a0-591-g3c58d2bc28 to
                  | 0.30-a0-596-g0af90f9a20
 93766 | Dis:1    | Entered Level 1 of the Iron City of Dis
 94923 | Dis:7    | Entered Level 7 of the Iron City of Dis
 95112 | Dis:7    | Noticed a juggernaut
 95129 | Dis:7    | Killed a juggernaut
 95720 | Dis:7    | Noticed a juggernaut
 95725 | Dis:7    | Killed a juggernaut
 95980 | Dis:7    | Killed a juggernaut
 96537 | Dis:7    | Found the +4 staff of Dispater
 96537 | Dis:7    | Noticed Dispater
 96627 | Dis:7    | Killed Dispater
 96659 | Dis:7    | Got an iron rune of Zot
 96664 | Dis:7    | Identified the +3 dagger "Pushru" {antimagic, rCorr Str+3
                  | SInv}
 97199 | Pan      | Entered Pandemonium
 97342 | Pan      | Noticed Coreff the pandemonium lord
 97516 | Pan      | Noticed Rimufon the pandemonium lord
 97527 | Pan      | Killed Rimufon the pandemonium lord
 97624 | Pan      | Noticed Dymachet the pandemonium lord
 97665 | Pan      | Found an exit through the horrors of the Abyss.
 97752 | Pan      | Found a runed translucent door.
 97756 | Pan      | Found a runed translucent door.
 97768 | Pan      | Found a runed translucent door.
 97770 | Pan      | Noticed Bisuorar the pandemonium lord
 97871 | Pan      | Killed Baofef Rigua the pandemonium lord
 97955 | Pan      | Noticed Ysiklouck the pandemonium lord
 98004 | Pan      | Killed Ysiklouck the pandemonium lord
 98387 | Pan      | Found an exit through the horrors of the Abyss.
 98683 | Pan      | Noticed Irhasewn the pandemonium lord
 98706 | Pan      | Reached skill level 15 in Evocations
 98711 | Pan      | Killed Irhasewn the pandemonium lord
 98808 | Pan      | Noticed Asur the pandemonium lord
 98843 | Pan      | Killed Asur the pandemonium lord
 98939 | Pan      | Found an exit through the horrors of the Abyss.
 99103 | Pan      | Found a runed translucent door.
 99476 | Pan      | Gained mutation: You occasionally lose the ability to read
                  | scrolls when taking damage. [a neqoxec]
 99498 | Pan      | Lost mutation: You occasionally lose the ability to read
                  | scrolls when taking damage. [potion of mutation]
 99498 | Pan      | Lost mutation: Armour fits poorly on your strangely shaped
                  | body. [potion of mutation]
 99498 | Pan      | Gained mutation: You occasionally lose the ability to drink
                  | potions when taking damage. [potion of mutation]
 99498 | Pan      | Lost mutation: You have supernaturally acute eyesight.
                  | (SInv) [potion of mutation]
 99498 | Pan      | Gained mutation: Your mind is acute. (Int +4, Str/Dex -1)
                  | [potion of mutation]
 99498 | Pan      | Gained mutation: You have a pair of small horns on your
                  | head. [potion of mutation]
 99499 | Pan      | Lost mutation: Your flesh is heat resistant. (rF+) [potion
                  | of mutation]
 99499 | Pan      | Lost mutation: Your mind is acute. (Int +4, Str/Dex -1)
                  | [potion of mutation]
 99499 | Pan      | Lost mutation: Your movements are slightly less encumbered
                  | by armour. (ER -2) [potion of mutation]
 99499 | Pan      | Gained mutation: You are partially covered in large bone
                  | plates. (SH +4) [potion of mutation]
 99500 | Pan      | Lost mutation: You occasionally lose the ability to drink
                  | potions when taking damage. [potion of mutation]
 99500 | Pan      | Lost mutation: Your flesh is cold resistant. (rC+) [potion
                  | of mutation]
 99500 | Pan      | Gained mutation: You have sharp toenails. [potion of
                  | mutation]
 99500 | Pan      | Gained mutation: You are frail. (-10% HP) [potion of
                  | mutation]
 99500 | Pan      | Gained mutation: You possess an exceptional clarity of
                  | mind. [potion of mutation]
 99501 | Pan      | Lost mutation: You have a pair of small horns on your head.
                  | [potion of mutation]
 99501 | Pan      | Lost mutation: You are partially covered in large bone
                  | plates. (SH +4) [potion of mutation]
 99501 | Pan      | Lost mutation: You possess an exceptional clarity of mind.
                  | [potion of mutation]
 99501 | Pan      | Gained mutation: You are somewhat resistant to further
                  | mutation. [potion of mutation]
 99501 | Pan      | Gained mutation: You occasionally shout uncontrollably at
                  | your foes. [potion of mutation]
 99501 | Pan      | Gained mutation: You are somewhat resistant to both further
                  | mutation and mutation removal. [potion of mutation]
 99503 | Pan      | Found an exit through the horrors of the Abyss.
 99512 | Pan      | Took an exit into the Abyss.
 99512 | Abyss:3  | Escaped into the Abyss
 99518 | Orc:2    | Escaped the Abyss
 99523 | Orc:2    | Bought a turquoise-encrusted leather armour for 378 gold
                  | pieces
 99523 | Orc:2    | Identified the +2 leather armour of the Illusory Beds
                  | {rPois rN+ Int+4} (You bought it in a shop on level 2 of
                  | the Orcish Mines)
 99539 | Orc:2    | Upgraded the game from 0.30-a0-596-g0af90f9a20 to
                  | 0.30-a0-605-gb2882149bf
101164 | Tar:1    | Entered Level 1 of Tartarus
101478 | Pan      | Entered Pandemonium
101515 | Pan      | Identified the +4 rapier of Cheibriados's Whim {holy, MP+9}
101597 | Pan      | Reached skill level 24 in Hexes
101987 | Pan      | Reached skill level 15 in Long Blades
101999 | Pan      | Noticed Mug Foep the pandemonium lord
102076 | Pan      | Lost mutation: You have sharp toenails. [potion of
                  | mutation]
102076 | Pan      | Gained mutation: Your muscles are strong. (Str +4, Int/Dex
                  | -1) [potion of mutation]
102137 | Pan      | Found a transporter.
102249 | Pan      | Found a transporter.
102276 | Pan      | Gained mutation: You occasionally lose the ability to drink
                  | potions when taking damage. [a cacodemon]
102332 | Pan      | Identified the +9 plate armour "Iwar" {+Inv rElec Dex+5
                  | Stlth+}
102335 | Pan      | Identified the ring "Beilakaun" {rC+ Will+ Str+3}
102341 | Pan      | Identified the ring "Julur" {rF+ EV+5 SInv}
102356 | Pan      | Identified the ring "Eddaaz" {rElec rF++ rC- EV+5 SInv}
102818 | Pan      | Noticed Pietix the pandemonium lord
102836 | Pan      | Killed Pietix the pandemonium lord
102871 | Pan      | Found an opulent altar of Gozag.
102871 | Pan      | Found Hietui's Superb Hardware.
102884 | Pan      | Found Hietui's Quality Elixirs.
102885 | Pan      | Found an opulent altar of Gozag.
102895 | Pan      | Found an opulent altar of Gozag.
102900 | Pan      | Found Hietui's Infernal Boutique.
102981 | Pan      | Bought a potion of invisibility for 152 gold pieces
102981 | Pan      | Bought a potion of invisibility for 152 gold pieces
102981 | Pan      | Bought a potion of haste for 190 gold pieces
102981 | Pan      | Bought 2 potions of mutation for 304 gold pieces
102981 | Pan      | Bought a potion of mutation for 152 gold pieces
102981 | Pan      | Bought a potion of brilliance for 76 gold pieces
102981 | Pan      | Bought a potion of magic for 152 gold pieces
102996 | Pan      | Lost mutation: You are frail. (-10% HP) [potion of
                  | mutation]
102996 | Pan      | Lost mutation: You occasionally shout uncontrollably at
                  | your foes. [potion of mutation]
102996 | Pan      | Lost mutation: Your muscles are strong. (Str +4, Int/Dex
                  | -1) [potion of mutation]
103002 | Pan      | Found Hietui's Rarities Depository.
103002 | Pan      | Noticed Hietui the pandemonium lord
103027 | Pan      | Killed Hietui the pandemonium lord
103722 | Pan      | Found an exit through the horrors of the Abyss.
104183 | Pan      | Noticed Sabrepnu the pandemonium lord
104276 | Pan      | Killed Sabrepnu the pandemonium lord
104325 | Pan      | Identified the ring of Jopnaleo {rPois Int+3 Dex+3}
104352 | Pan      | Got the Cyclopedia of the Damned
104390 | Pan      | Noticed Buipnar the pandemonium lord
104433 | Pan      | Killed Buipnar the pandemonium lord
104494 | Pan      | Noticed Pisefoit the pandemonium lord
104547 | Pan      | Killed Pisefoit the pandemonium lord
104830 | Pan      | Noticed Quixin the pandemonium lord
104850 | Pan      | Killed Quixin the pandemonium lord
105297 | Pan      | Noticed Omuol the pandemonium lord
105323 | Pan      | Killed Omuol the pandemonium lord
105395 | Pan      | Reached skill level 15 in Spellcasting
105479 | Pan      | Found an exit through the horrors of the Abyss.
105489 | Pan      | Killed from afar by a Brimstone Fiend

Illustrated notes

Levels and vault maps discovered:
D:1:      elethiomel_arrival_diamonds, layout_basic, nicolae_wormholes
D:2:      layout_rooms
D:3:      wander_river, layout_rooms, nicolae_overflow_hidden_temple,
          old_standard_altar, gammafunk_ghost_split
D:4:      kennysheep_goblin_castle, layout_loops_ring, kennysheep_generic_room_5
D:5:      layout_loops_ring, serial_bayou, serial_bayou_pond_c,
          serial_bayou_pond_b, serial_bayou_pond_d, serial_bayou_pond_b,
          serial_bayou_shore_b, uniq_sigmund, uniq_pikel, uniq_ijyb
D:6:      layout_basic, gammafunk_temple_of_torment,
          mainiacjoe_overflow_tiny_flanked, gup_ossuary_entry_pyramid,
          uniq_prince_ribbit1
D:7:      wad_woods_tower, layout_basic, minmay_temple_entry_drinking_statues
D:8:      layout_loops_ring, uniq_grum, uniq_maurice, uniq_amaemon
D:9:      layout_long_grid, david_orc_5
D:10:     layout_basic, nicolae_vehumet_altar_sigil, due_lair_maze_entry_diamond
D:11:     layout_irregular_city, serial_shops, nicolae_shop_stone,
          gammafunk_ghost_abyssal_escape, bloody_trog
D:12:     layout_long_grid, portal_ice_cave_entry_ice_simulacra, uniq_lodul
D:13:     layout_stronghold, minmay_misc_feat_encased, minmay_between
D:14:     layout_gridville, erik_vaults_1, nrook_campfire
D:15:     hangedman_depths_entry_civil_slaughter, layout_cave_pools,
          patterned_corridor, drop_trap, fungi_pond_lemuel
Temple:   hellmonk_temple_of_storms
Lair:1:   layout_roguey, chequers_serial_rivers_micro_a, grunt_megastairs_5
Lair:2:   layout_chaotic_city, spider_nest_entry_web_field,
          nicolae_lair_grazing_beasts [nicolae_sub_lair_graze_edge,
          nicolae_sub_lair_graze_edge, nicolae_sub_lair_graze_edge,
          nicolae_sub_lair_graze_edge]
Lair:3:   layout_regular_city, nicolae_swamp_entry_splash_gauntlet,
          lemuel_fruit_fields, serial_bayou_shore_a, grunt_megastairs_3,
          uniq_sonja
Lair:4:   dreamdust_isle_of_ice, layout_loops_ring, uniq_josephine
Lair:5:   grunt_lair_end_beastmaster, layout_cave_pods,
          minmay_slime_entry_oklob_open, uniq_nessos
Swamp:1:  layout_basic_swamp, nicolae_swamp_round_clearing, uniq_louise
Swamp:2:  layout_falls_marsh, nicolae_swamp_tree_isthmus, swamp_pool1,
          nicolae_swamp_small_spring
Swamp:3:  layout_basic_swamp, nicolae_swamp_big_swirl, swamp_pool2,
          infiniplex_staircase_pool
Swamp:4:  swamp_basic_johnstein, layout_basic_swamp
Spider:1: layout_spider_delve, hangedman_spider_tarantella_strand
Spider:2: layout_cave_pods
Spider:3: layout_spider_delve, nicolae_spider_checkerboard
Spider:4: floodkiller_spider_rune_tomb
Slime:1:  nicolae_slime_pool, layout_caves
Slime:2:  layout_caves
Slime:3:  layout_caves, nicolae_slime_round_cave
Slime:4:  layout_caves
Slime:5
Orc:1:    layout_caves
Orc:2:    pf_orc_diabolical, layout_caves
Elf:1:    minmay_elf_arrival_circle, layout_onion_city, minmay_elf_annihilation
Elf:2:    elven_hall_of_blades_hangedman_original [nicolae_blade_tridents],
          layout_geoelf_octagon, minivault_11
Elf:3:    minmay_elf_hall_hex, layout_rooms, minmay_shoptagon
Vaults:1: nicolae_vaults_circle_grid_a, vaults_standard_mumra_x, v_misc_5,
          nicolae_vaults_an_arrangement, v_misc_22, vaults_room_fours,
          nicolae_vaults_network_periphery, nicolae_vaults_diagonal_hallway_7,
          hangedman_vaults_trim, hangedman_vaults_slice, vaults_dpeg_cross,
          layout_vaults_chaotic_city, serial_shops,
          nicolae_shop_bloodbath_and_beyond
Vaults:2: nicolae_vaults_good_morning_starshine, vaults_standard_mumra_lines,
          v_misc_33, vaults_room_fancy_cross,
          nicolae_vaults_windows_and_doors_thing, v_misc_26, vaults_mumra_hex,
          hangedman_vaults_slice, nicolae_vaults_little_squares_5,
          ontoclasm_vaults_gateway, vaults_room_pool, layout_vaults_omnicross,
          serial_shops, nicolae_diamond_shop, uniq_frederick
Vaults:3: minmay_crypt_entry_simple_corners, v_misc_4, vaults_mumra_chevron,
          nicolae_vaults_yaktaur_gun_rack, v_misc_27,
          ontoclasm_vaults_ring_small, dpeg_vaults_monster_box,
          nicolae_vaults_little_squares_4, v_misc_15,
          nicolae_vaults_circle_grid_b, vaults_dpeg_diagonal,
          nicolae_vaults_circle_grid_b, layout_vaults_ring, serial_shops, shop,
          nicolae_shop_stone, uniq_donald
Vaults:4: mu_enter_wizlab_2, vaults_dpeg_encased_lava, nicolae_vaults_little_ls,
          v_misc_14, hangedman_vaults_nails, nicolae_vaults_minivaults,
          v_rooms_6, hangedman_vaults_slice, vaults_room_fours,
          layout_vaults_omnigrid
Vaults:5: serial_shops
Crypt:1:  layout_regular_city, grunt_crypt_arrival_guarded_gate, uniq_boris
Crypt:2:  gammafunk_crypt_yreds_forest, layout_regular_city
Crypt:3:  church_of_pain_bobbens, layout_chaotic_city,
          nicolae_tomb_entry_unfolded_pyramid_diagonal, st_stairs_8,
          minivault_23, uniq_xtahua
Depths:1: minmay_distorted_concentric_squares, layout_twisted_cross,
          grunt_hell_entry_dis_old, old_standard_altar, serial_nicolae_subway,
          nicolae_sub_station_crystal, nicolae_sub_station_stone,
          nicolae_sub_station_metal, uniq_mara
Depths:2: minmay_octo_star, layout_gridville, enter_ziggurat_f,
          serial_bayou_pond_e, rand_demon_pan_entry_9, hell_entry
Depths:3: minmay_bloctagon_deflated, layout_gridlike,
          nicolae_trove_entry_path_of_doom, hell_entry, abyss_entry,
          minmay_misc_feat_alley, rand_demon_pan_entry_8,
          infiniplex_staircase_9_rooms
Depths:4: grunt_zot_entry_gee_three, layout_gridlike,
          gammafunk_ghost_berserking_beasts, grunt_decor_one_mirror,
          hangedman_coc_ice_floe
Hell
Dis:1:    layout_regular_city
Dis:2:    layout_subdivisions, hangedman_dis_decor_tower
Dis:3:    layout_gridville, nicolae_dis_strange_trophy_room
Dis:4:    layout_subdivisions
Dis:5:    layout_subdivisions
Dis:6:    layout_subdivisions
Dis:7:    dis_grunt_layers
Geh:1:    layout_gehenna_pools_basic
Geh:2:    layout_gehenna_pools_box
Geh:3:    layout_gehenna_pools_basic
Geh:4:    layout_gehenna_pools_triple
Geh:5:    layout_gehenna_lava_caves, nicolae_hells_seeping_fissure
Geh:6:    layout_gehenna_pools_box
Geh:7:    geh_old
Coc:1:    layout_cocytus_water_paths
Coc:2:    layout_cocytus_water_paths
Coc:3:    layout_cocytus_water_paths
Coc:4:    nicolae_coc_three_mouths, layout_cocytus_delve
Coc:5:    layout_ice_bergs
Coc:6:    layout_ice_bergs, nicolae_hells_seeping_fissure
Coc:7:    coc_grunt_cove [coc_grunt_cove_antaeus, coc_grunt_cove_fiend,
          coc_grunt_cove_fiend, coc_grunt_cove_fiend, coc_grunt_cove_fiend]
Tar:1:    layout_honeycomb
Pan:      gammafunk_its_a_trap, layout_irregular_city, evilmike_mini_pan_V,
          layout_chambers, pan_blood_fountain_small, evilmike_mini_pan_doors_b,
          layout_basic, reaverb_pan_squares, nicolae_pan_glass_arcs,
          layout_gridville, nicolae_pan_sigil_obb, rand_demon_7,
          layout_pan_divisions_b [pan_division_quadrant_b3,
          pan_division_quadrant_b4, pan_division_quadrant_b3,
          pan_division_quadrant_b6], nicolae_pan_gloorx_vloqian_2,
          nicolae_pan_sigil_eeng, grunt_pan_in_and_out, layout_basic,
          mnoleg_grunt_wretched_star, layout_basic,
          nicolae_pan_gloorx_vloqian_2, evilmike_mini_pan_pillars_b,
          layout_pan_divisions_b [pan_division_quadrant_b4,
          pan_division_quadrant_b4, pan_division_quadrant_b1,
          pan_division_quadrant_b4], nicolae_pan_sigil_eeng, grunt_pan_sceptre,
          layout_long_grid, cerebov, layout_gridlike,
          evilmike_mini_pan_other_thingy, layout_gridville,
          reaverb_pan_chaos_star, nicolae_pan_glass_arcs, layout_pan_divisions_a
          [pan_division_quadrant_a5, pan_division_quadrant_a3,
          pan_division_quadrant_a3, pan_division_quadrant_a2,
          pan_division_octagon_divided], nicolae_pan_strange_glyphs
          [nicolae_pan_strange_glyph_envy, nicolae_pan_strange_glyph_angst,
          nicolae_pan_strange_glyph_worry,
          nicolae_pan_strange_glyph_melancholia], rand_demon_8, layout_chambers,
          evilmike_mini_pan_pillars_b, layout_gridville, pan_surprise,
          nicolae_pan_lom_lobonic_2, gloorx_vloq, layout_irregular_city,
          pan_blood_fountain, lom_lobon_spiral_st, layout_gridville,
          evilmike_mini_pan_possible_glass, layout_grid_shapes,
          regret_index_pan_draining_boxed, layout_gridville,
          evilmike_mini_pan_branches, layout_basic, pan_blood_fountain_small,
          pan_blood_fountain, nicolae_pan_cerebovesque_3,
          evilmike_mini_pan_pillars_b, layout_irregular_city,
          pan_blood_fountain_small, grunt_pan_zigzag, layout_stronghold,
          nicolae_pan_double_arrow, layout_gridlike, pan_blood_fountain,
          grunt_pan_pentagram, layout_basic, evilmike_mini_pan_doors_b,
          layout_pan_divisions_a [pan_division_quadrant_a6,
          pan_division_quadrant_a3, pan_division_quadrant_a1,
          pan_division_quadrant_a6, pan_division_octagon_halves],
          pan_blood_fountain_small, evilmike_mini_pan_layers,
          layout_irregular_city, rand_demon_7, layout_long_grid,
          nicolae_pan_door_chamber, layout_gridville,
          nicolae_pan_gloorx_vloqian_4, grunt_pan_in_and_out,
          layout_grid_shapes, grunt_pan_frozen_over, layout_irregular_city,
          pan_blood_fountain_small, nicolae_pan_mnolegish_3,
          nicolae_pan_sigil_itan, nicolae_pan_sick_transit, rand_demon_5,
          layout_gridlike, pan_blood_fountain_2, nicolae_pan_double_arrow,
          layout_pan_divisions_a [pan_division_quadrant_a6,
          pan_division_quadrant_a4, pan_division_quadrant_a1,
          pan_division_quadrant_a3, pan_division_octagon_halves],
          pan_blood_fountain_small, rand_demon_7, layout_small_grid,
          nicolae_pan_gloorx_vloqian_1, evilmike_mini_pan_doors_b,
          layout_onion_city, nicolae_pan_mnolegish_3, evilmike_mini_pan_diamond,
          layout_small_grid, evilmike_mini_pan_T, layout_cellular_growth,
          rand_demon_9, layout_irregular_city, rand_demon_7, layout_grid_shapes,
          pan_blood_fountain, nicolae_pan_lom_lobonic_2,
          evilmike_mini_pan_pillars_b, layout_chambers, nicolae_pan_sigil_itan,
          rand_demon_4, layout_pan_divisions_b [pan_division_quadrant_b3,
          pan_division_quadrant_b4, pan_division_quadrant_b2,
          pan_division_quadrant_b1], gammafunk_dig_for_victory,
          layout_cellular_growth, evilmike_mini_pan_T, layout_pan_divisions_b
          [pan_division_quadrant_b6, pan_division_quadrant_b3,
          pan_division_quadrant_b4, pan_division_quadrant_b6],
          nicolae_pan_bazaar_rune, layout_onion_city, lemuel_hellion_island,
          layout_pan_divisions_a [pan_division_quadrant_a3,
          pan_division_quadrant_a6, pan_division_quadrant_a6,
          pan_division_quadrant_a4, pan_division_octagon_box],
          pan_blood_fountain_2, grunt_pan_sceptre, layout_chambers,
          pan_blood_fountain, nicolae_pan_hourglass, layout_cellular_growth,
          evilmike_mini_pan_other_thingy, layout_long_grid, lemuel_hall_of_pain,
          layout_onion_city, pan_blood_fountain, nicolae_pan_diamonds,
          layout_chambers, nicolae_pan_gloorx_vloqian_2, rand_demon_4,
          layout_gridlike, pan_blood_fountain_small, evilmike_mini_pan_branches,
          layout_basic

Skill      XL: |  1  2  3  4  5  6  7  8  9 10 11 12 13 14 15 16 17 18 19 20 21 22 23 24 25 26 27 |
---------------+----------------------------------------------------------------------------------+-----
Spellcasting   | 3 4 7 8 10 11 12 13 14 15 | 15.0
Stealth        | 2 3 4 5 6 7 8 9 10 11 12 20 | 20.5
Short Blades   | 1 2 3 4 5 6 7 8 9 10 | 10.4
Fire Magic     | 3 4 5 6 7 10 11 12 14 15 17 20 | 20.0
Fighting       | 1 2 4 5 6 7 8 9 11 12 14 15 21 | 21.7
Dodging        | 2 3 5 6 10 12 13 14 15 16 17 18 20 21 23 | 23.0
Evocations     | 2 4 7 15 | 15.2
Shields        | 3 5 6 8 10 11 13 | 13.4
Armour         | 3 5 8 |  8.7
Hexes          | 7 8 11 14 18 22 23 24 | 24.1
Translocations | 1 |  1.0
Transmutations | 2 4 5 |  5.4
Necromancy     | 8 10 | 10.0
Long Blades    | 12 16 | 16.8
Conjurations   | |  1.0

Action                   |  1- 3 |  4- 6 |  7- 9 | 10-12 | 13-15 | 16-18 | 19-21 | 22-24 | 25-27 || total
-------------------------+-------+-------+-------+-------+-------+-------+-------+-------+-------++-------
Melee: Unarmed           |     4 |       |       |       |       |       |       |       |       ||     4
       Dagger            |    22 |    36 |   100 |   200 |   747 |   781 |  1289 |  1475 |  1308 ||  5958
       Punch             |       |     1 |       |     3 |       |       |       |       |       ||     4
       Tailslap          |       |     1 |     5 |    19 |   129 |   169 |   340 |   439 |  1379 ||  2481
       Scimitar          |       |       |       |       |       |       |       |     2 |       ||     2
       Bite              |       |       |       |       |       |       |       |       |   950 ||   950
       Double sword      |       |       |       |       |       |       |       |       |  3141 ||  3141
       Staff             |       |       |       |       |       |       |       |       |     1 ||     1
 Cast: Foxfire           |    72 |    41 |    57 |   120 |   226 |   107 |    25 |     7 |     2 ||   657
       Scorch            |       |    30 |    82 |   136 |   172 |   185 |   130 |    81 |   148 ||   964
       Kindle Blastspark |       |     2 |       |    10 |    16 |    16 |       |       |       ||    44
       Flame Wave        |       |       |       |    42 |    78 |    92 |    30 |     8 |       ||   250
       Inner Flame       |       |       |       |    13 |    36 |       |       |       |       ||    49
       Dazzling Flash    |       |       |       |       |    32 |   127 |    41 |    26 |   265 ||   491
       Fireball          |       |       |       |       |       |     8 |    57 |    28 |   137 ||   230
       Yara's Violent Un |       |       |       |       |       |       |    69 |    70 |   217 ||   356
       Starburst         |       |       |       |       |       |       |     9 |     3 |    51 ||    63
       Discord           |       |       |       |       |       |       |    51 |   172 |   284 ||   507
       Dispel Undead     |       |       |       |       |       |       |       |   130 |    14 ||   144
       Death Channel     |       |       |       |       |       |       |       |     5 |    27 ||    32
       Apportation       |       |       |       |       |       |       |       |       |   320 ||   320
       Ignition          |       |       |       |       |       |       |       |       |    31 ||    31
       Blink             |       |       |       |       |       |       |       |       |    24 ||    24
Invok: Call Merchant     |       |       |       |       |       |     4 |     2 |     6 |     4 ||    16
       Potion Petition   |       |       |       |       |       |       |       |       |    13 ||    13
 Abil: Evoke the Staff o |       |       |       |       |       |       |       |       |    17 ||    17
Evoke: Wand              |       |       |       |     1 |     7 |     4 |     4 |     2 |    17 ||    35
       Box of beasts     |       |       |       |       |     4 |     2 |     2 |     6 |     7 ||    21
       Phantom mirror    |       |       |       |       |       |       |     2 |     5 |     5 ||    12
       Condenser vane    |       |       |       |       |       |       |     1 |     3 |     5 ||     9
       Lightning rod     |       |       |       |       |       |       |       |       |     4 ||     4
  Use: Scroll            |       |    12 |     6 |    11 |    15 |    16 |     7 |     6 |    32 ||   105
       Potion            |       |       |     1 |       |     3 |    11 |     8 |     1 |    35 ||    59
 Stab: Paralysed         |    12 |    18 |    38 |    82 |   136 |    63 |    70 |    47 |    57 ||   523
       Sleeping          |     4 |     2 |     7 |     9 |    26 |     3 |    11 |    18 |    56 ||   136
       Distracted        |       |       |     1 |     2 |     5 |    12 |    22 |    33 |   228 ||   303
       Petrified         |       |       |       |       |     7 |       |       |       |       ||     7
       Petrifying        |       |       |       |       |     1 |       |       |       |       ||     1
       Invisible         |       |       |       |       |    22 |    54 |    14 |    11 |   171 ||   272
       Confused          |       |       |       |       |       |       |     1 |       |       ||     1
Armor: Robe              |     4 |     9 |    14 |       |       |       |       |       |       ||    27
       Steam dragon scal |       |       |     5 |    55 |   187 |   252 |   164 |   179 |       ||   842
       Leather armour    |       |       |       |       |    16 |       |     2 |    47 |   438 ||   503
Dodge: Dodged            |    16 |    33 |    75 |   196 |   633 |   795 |   768 |   899 |  3511 ||  6926
Block: Other             |       |     4 |    10 |    33 |    14 |       |       |       |       ||    61
       Buckler           |       |       |       |       |   533 |   611 |   627 |   357 |       ||  2128
       Kite shield       |       |       |       |       |       |       |       |   682 |  4306 ||  4988

Table legend: (Time is in decaauts)
 A = Elapsed time spent in this place.
 B = Non-inter-level travel time spent in this place.
 C = Inter-level travel time spent in this place.
 D = Time resting spent in this place.
 E = Time spent auto-exploring this place.
 F = Levels seen in this place.
 G = Mean time per level.
                   A        B        C        D        E       F      G
               +--------+--------+--------+--------+--------+-----+--------+
         Total | 103204 |  93726 |   9478 |  18173 |  37308 | 133 |  776.0 |
       Dungeon |  19069 |  15931 |   3138 |   1807 |  10368 |  15 | 1271.3 |
        Temple |    220 |    220 |      0 |      0 |     17 |   1 |  220.0 |
          Lair |   7972 |   6658 |   1314 |   1016 |   4068 |   5 | 1594.4 |
         Swamp |   6379 |   6213 |    166 |   2205 |   1945 |   4 | 1594.8 |
   Spider Nest |   6995 |   6670 |    325 |   2082 |   2454 |   4 | 1748.8 |
    Slime Pits |   2411 |   2241 |    170 |    759 |    138 |   5 |  482.2 |
  Orcish Mines |   3300 |   2427 |    873 |    254 |   1379 |   2 | 1650.0 |
   Elven Halls |   6697 |   6091 |    606 |   1912 |   1910 |   3 | 2232.3 |
        Vaults |  12569 |  11455 |   1114 |   2319 |   6042 |   5 | 2513.8 |
         Crypt |   4660 |   4336 |    324 |    520 |   1999 |   3 | 1553.3 |
        Depths |   7587 |   6565 |   1022 |   1618 |   2740 |   4 | 1896.8 |
          Hell |   1277 |   1232 |     45 |    137 |    391 |   1 | 1277.0 |
           Dis |   2912 |   2847 |     65 |    317 |    522 |   7 |  416.0 |
       Gehenna |   1872 |   1705 |    167 |    283 |    260 |   7 |  267.4 |
       Cocytus |   3576 |   3434 |    142 |    889 |    196 |   7 |  510.9 |
      Tartarus |      1 |      1 |      0 |      0 |      0 |   1 |    1.0 |
         Abyss |    883 |    883 |      0 |     72 |     15 |   6 |  147.2 |
   Pandemonium |  12738 |  12738 |      0 |    931 |   2533 |  50 |  254.8 |
       Ossuary |    381 |    381 |      0 |    150 |     96 |   1 |  381.0 |
      Ice Cave |   1448 |   1448 |      0 |    735 |    230 |   1 | 1448.0 |
        Wizlab |    245 |    245 |      0 |    164 |      0 |   1 |  245.0 |
               +--------+--------+--------+--------+--------+-----+--------+

Top non-repeatable levels by time:
Vaults:4: 4119 daAuts
 Swamp:4: 3424 daAuts
Spider:4: 3300 daAuts
   Elf:3: 3008 daAuts
   Coc:7: 2774 daAuts
   Orc:2: 2391 daAuts
Vaults:1: 2280 daAuts
  Lair:5: 2180 daAuts
Vaults:3: 2078 daAuts
Vaults:2: 2061 daAuts
Depths:1: 2033 daAuts
Vaults:5: 2029 daAuts
 Crypt:3: 1992 daAuts
Depths:4: 1991 daAuts
   Elf:1: 1962 daAuts
